 Dungeon Crawl Stone Soup version 0.26-a0-651-gb41185065b (webtiles) character file.

Game seed: 10945170640572242567

1203076 Irenicus the Petrodigitator (level 27, 0/238 HPs)
             Began as a Deep Dwarf Earth Elementalist on Oct 25, 2020.
             Was the Champion of Makhleb.
             Killed from afar by a hellion (20 damage)
             ... with damnation
             ... on level 7 of Gehenna on Oct 26, 2020.
             The game lasted 07:20:28 (24189 turns).

Irenicus the Petrodigitator (DDEE)                 Turns: 24189, Time: 07:20:28

Health: 0/238      AC: 31    Str: 22    XL:     27
Magic:  63/63 (54) EV: 32    Int: 44    God:    Makhleb [******]
Gold:   3483       SH: 19    Dex: 21    Spells: 30/80 levels left

rFire    + + .     SeeInvis .   D - staff of earth
rCold    + + .     Faith    .   N - +3 kite shield of Ifesag {+Fly rC+ Str+8 Dex-3}
rNeg     + + .     Spirit   .   e - +1 scale mail "Goquosibo" {rF+++ rC- rCorr Dex+3}
rPois    +         Reflect  .   x - +2 helmet {Int+3}
rElec    +         Harm     .   U - +2 cloak {rC+}
rCorr    +         Rampage  .   R - +2 pair of gloves {Dex+3}
MR       ++++.     Clarity  +   w - +1 pair of boots of the Catamount {rPois rF- Dex+3} Stlth ++++++....Rnd*Tele +
                                r - amulet of magic regeneration
HPRegen  0.00/turn              q - ring of Zapn {rElec rC+ Int+6 Dex+2}
MPRegen  0.63/turn              o - ring "Cyka" {*Tele rN+ MP+9 Int+8 Stlth-}

@: non-regenerating
A: damage resistance, heal wounds, molten scales 1, thin skeletal structure 1,
yellow scales 1, clarity, clumsy 1, deformed body, negative energy resistance 1,
sense surroundings 3, wild magic 1, evolution 1, no potion heal 1, no
regeneration
}: 12/15 runes: decaying, serpentine, slimy, silver, golden, iron, abyssal,
demonic, glowing, magical, fiery, dark
a: Heal Wounds, Minor Destruction, Lesser Servant of Makhleb, Major Destruction,
Greater Servant of Makhleb, Renounce Religion, Evoke Flight


You were on level 7 of Gehenna.
You worshipped Makhleb.
Makhleb was exalted by your worship.
You visited 15 branches of the dungeon, and saw 69 of its levels.
You visited Pandemonium 1 time, and saw 21 of its levels.
You visited the Abyss 2 times.
You completed 1 ziggurat, and saw 27 of its levels.
You also visited: Sewer, Bailey, Gauntlet, Ice Cave and Wizlab.

You collected 6353 gold pieces.
You spent 2870 gold pieces at shops.

Inventory:

Hand Weapons
 u - the +4 staff of Dispater
   (You took it off Dispater on level 7 of the Iron City of Dis)
Missiles
 I - 233 stones (quivered)
Armour
 e - the +1 scale mail "Goquosibo" (worn) {rF+++ rC- rCorr Dex+3}
   (You bought it in a shop on level 2 of the Orcish Mines)

   It affects your dexterity (+3).
   It renders you almost immune to fire.
   It makes you vulnerable to cold.
   It provides partial protection from all sources of acid and corrosion.
 i - a +2 cloak of poison resistance
   (You took it off a draconian knight on level 18 of a ziggurat)
 j - the +1 ring mail "Kinn" {Rampage rN+ rCorr Int+7}
   (You found it in a wizard's laboratory)

   It affects your intelligence (+7).
   It protects you from negative energy.
   It provides partial protection from all sources of acid and corrosion.
   It bestows one free step when moving towards enemies.
 k - the +5 pair of boots of Imyfykoim {+Fly rF+}
   (You found it on level 27 of a ziggurat)

   It protects you from fire.
   It lets you fly.
 w - the +1 pair of boots of the Catamount (worn) {rPois rF- Dex+3}
   (You found it on level 14 of a ziggurat)

   It affects your dexterity (+3).
   It makes you vulnerable to fire.
   It protects you from poison.
 x - a +2 helmet of intelligence (worn)
   (You found it on level 11 of a ziggurat)
 F - the -1 cloak of Adag {rN+ MP+9 Slay+3}
   (You found it on level 25 of a ziggurat)

   It affects your accuracy and damage with ranged weapons and melee attacks
   (+3).
   It protects you from negative energy.
   It affects your magic capacity (+9).
 K - the +10 chain mail of Gluttony {rElec rCorr Dex+4}
   (You found it on level 17 of a ziggurat)

   It affects your dexterity (+4).
   It insulates you from electricity.
   It provides partial protection from all sources of acid and corrosion.
 N - the +3 kite shield of Ifesag (worn) {+Fly rC+ Str+8 Dex-3}
   (You found it on level 9 of the Dungeon)

   It affects your strength (+8).
   It affects your dexterity (-3).
   It protects you from cold.
   It lets you fly.
 R - a +2 pair of gloves of dexterity (worn)
   (You found it in an ice cave)
 U - a +2 cloak of cold resistance (worn)
   (You found it in an ice cave)
Magical Staves
 D - an uncursed staff of earth (weapon)
   (You found it on level 5 of the Lair of Beasts)
Jewellery
 d - the ring of Hutompeu {rF- rC+++ Str+2 SInv Stlth+}
   (You found it in Pandemonium)

   [ring of see invisible]

   It affects your strength (+2).
   It makes you vulnerable to fire.
   It renders you almost immune to cold.
   It lets you see invisible.
   It makes you more stealthy.
 o - the ring "Cyka" (right hand) {*Tele rN+ MP+9 Int+8 Stlth-}
   (You found it on level 5 of the Pits of Slime)

   [ring of teleportation]

   It may teleport you next to monsters.
   It affects your intelligence (+8).
   It protects you from negative energy.
   It affects your magic capacity (+9).
   It makes you less stealthy.
 q - the ring of Zapn (left hand) {rElec rC+ Int+6 Dex+2}
   (You acquired it on level 1 of a ziggurat)

   [ring of intelligence]

   It affects your intelligence (+6).
   It affects your dexterity (+2).
   It protects you from cold.
   It insulates you from electricity.
 r - an amulet of magic regeneration (around neck)
   (You found it on level 1 of the Snake Pit)
 A - the ring of Alyujod {rC+ Int+6 Dex+4 SInv}
   (You found it on level 19 of a ziggurat)

   [ring of intelligence]

   It affects your intelligence (+6).
   It affects your dexterity (+4).
   It protects you from cold.
   It lets you see invisible.
 J - the ring of Attitude {rPois rF++ rC- rN+}
   (You found it on level 3 of the Elven Halls)

   [ring of poison resistance]

   It greatly protects you from fire.
   It makes you vulnerable to cold.
   It protects you from poison.
   It protects you from negative energy.
 T - the ring of Kytoh {rF+ MR+ MP+9}
   (You found it on level 3 of the Tomb of the Ancients)

   [ring of magical power]

   It protects you from fire.
   It affects your resistance to hostile enchantments.
   It affects your magic capacity (+9).
 V - the ring "Ryarenuff" {rElec rN+ MR+ EV+4 Str-4}
   (You found it on level 5 of the Pits of Slime)

   [ring of evasion]

   It affects your evasion (+4).
   It affects your strength (-4).
   It insulates you from electricity.
   It protects you from negative energy.
   It affects your resistance to hostile enchantments.
Wands
 c - a wand of digging (25)
   (You found it on level 7 of the Dungeon)
 h - a wand of acid (47)
   (You found it on level 10 of the Dungeon)
 v - a wand of iceblast (16)
   (You found it on level 5 of the Pits of Slime)
 Q - a wand of paralysis (46)
   (You found it on level 10 of the Dungeon)
Scrolls
 l - 18 scrolls of teleportation
 p - 2 scrolls of identify
 s - 16 scrolls of remove curse
 C - 16 scrolls of blinking {!r}
 H - 6 scrolls of immolation {!r}
 X - a scroll of summoning
 Y - 5 scrolls of holy word {!r}
Potions
 a - 6 potions of ambrosia
 b - 17 potions of curing
 f - 2 potions of invisibility
 m - 6 potions of heal wounds
 z - 8 potions of brilliance
 B - 7 potions of lignification {!q}
 L - 2 potions of resistance
 M - 3 potions of magic
 P - 18 potions of mutation {!q}
 S - 5 potions of cancellation
 W - 4 potions of haste
Miscellaneous
 g - a box of beasts (3/3)
   (You found it on level 3 of the Elven Halls)
 n - a tin of tremorstones (3/3)
   (You found it in a Gauntlet)
 t - a phial of floods
   (You found it on level 3 of the Elven Halls)
 y - the horn of Geryon
   (You took it off Geryon in the Vestibule of Hell)
 E - a lightning rod (4/4)
   (You found it in an ice cave)
 O - a condenser vane (2/2)
   (You bought it in a shop on level 2 of the Orcish Mines)
 Z - a phantom mirror
   (You found it on level 3 of the Elven Halls)


   Skills:
 - Level 12.8 Fighting
 O Level 27 Armour
 O Level 27 Dodging
 - Level 17.4 Stealth
 + Level 18.9 Shields
 O Level 27 Spellcasting
 - Level 5.2 Conjurations
 + Level 16.7 Necromancy
 - Level 7.0 Translocations
 - Level 0.8 Transmutations
 O Level 27 Earth Magic
 - Level 9.6 Invocations
 O Level 27 Evocations


You had 30 spell levels left.
You knew the following spells:

 Your Spells              Type           Power        Failure   Level
a - Sandblast             Erth           ######       1%          1
b - Shatter               Erth           #########.   1%          9
c - Statue Form           Tmut/Erth      #########    1%          6
d - Borgnjor's Vile Clut  Necr/Erth      #########.   1%          5
e - Passage of Golubria   Tloc           N/A          1%          4
f - Dispel Undead         Necr           ########     1%          4
g - Apportation           Tloc           ######       1%          1
h - Lehudib's Crystal Sp  Conj/Erth      #########.   5%          8
r - Sublimation of Blood  Necr           ########..   1%          2
w - Passwall              Tmut/Erth      ########     1%          2
x - Stone Arrow           Conj/Erth      ######       1%          3
z - Lee's Rapid Deconstr  Erth           #########.   1%          5

Your spell library contained the following spells:

 Spells                   Type           Power        Failure   Level
 Animate Skeleton         Necr           ######       1%          1
 Beastly Appendage        Tmut           ######       1%          1
 Corona                   Hex            ######.      1%          1
 Foxfire                  Conj/Fire      ####         1%          1
 Freeze                   Ice            ####         1%          1
 Magic Dart               Conj           ####         1%          1
 Pain                     Necr           ####         1%          1
 Shock                    Conj/Air       ####         1%          1
 Sting                    Tmut/Pois      ####         1%          1
 Summon Small Mammal      Summ           ####         1%          1
 Blink                    Tloc           N/A          1%          2
 Call Imp                 Summ           ######..     1%          2
 Corpse Rot               Necr/Air       N/A          1%          2
 Ensorcelled Hibernation  Hex/Ice        ######       1%          2
 Poisonous Vapours        Pois/Air       ######       1%          2
 Searing Ray              Conj           ######       1%          2
 Slow                     Hex            ######..     1%          2
 Swiftness                Air            ######..     1%          2
 Wereblood                Tmut           ######..     1%          2
 Conjure Flame            Conj/Fire      #######.     1%          3
 Dazzling Flash           Conj/Hex       ######       1%          3
 Gell's Gravitas          Tloc           ########..   1%          3
 Ignite Poison            Fire/Tmut/Pois ######..     1%          3
 Lesser Beckoning         Tloc           ########..   1%          3
 Mephitic Cloud           Conj/Pois/Air  #######.     1%          3
 Portal Projectile        Hex/Tloc       ######       1%          3
 Spider Form              Tmut/Pois      ######....   1%          3
 Static Discharge         Conj/Air       #######.     1%          3
 Teleport Other           Tloc           ########     1%          3
 Vampiric Draining        Necr           ########..   1%          3
 Animate Dead             Necr           ########..   1%          4
 Iskenderun's Mystic Bla  Conj/Tloc      #######.     1%          4
 Leda's Liquefaction      Hex/Erth       ########..   1%          4
 Petrify                  Tmut/Erth      ########     1%          4
 Agony                    Necr           ########     1%          5
 Bolt of Magma            Conj/Fire/Erth ########..   1%          5
 Excruciating Wounds      Necr           ########..   1%          5
 Death Channel            Necr           ########..   1%          6
 Iron Shot                Conj/Erth      #########.   1%          6
 Call Canine Familiar     Summ           ######..     2%          3
 Confusing Touch          Hex            ######..     2%          3
 Frozen Ramparts          Ice            ######       2%          3
 Inner Flame              Hex/Fire       ######..     2%          3
 Ozocubu's Armour         Ice            ######..     2%          3
 Summon Guardian Golem    Hex/Summ       ######..     2%          3
 Tukima's Dance           Hex            ######..     2%          3
 Fulminant Prism          Conj/Hex       #######...   2%          4
 Hailstorm                Conj/Ice       #######.     2%          4
 Sticky Flame             Conj/Fire      #######.     2%          4
 Iskenderun's Battlesphe  Conj           #######.     2%          5
 Simulacrum               Ice/Necr       ########..   3%          6
 Irradiate                Conj/Tmut      #######...   4%          5
 Summon Forest            Summ/Tloc      #######...   4%          5
 Borgnjor's Revivificati  Necr           ########..   4%          8
 Infestation              Necr           ########..   4%          8
 Ice Form                 Ice/Tmut       ######..     5%          4
 Fireball                 Conj/Fire      #######...   5%          5
 Lightning Bolt           Conj/Air       #######...   5%          5
 Dispersal                Tloc           ########..   5%          6
 Airstrike                Air            ######....   6%          4
 Cause Fear               Hex            ######....   6%          4
 Olgreb's Toxic Radiance  Pois           ######..     6%          4
 Summon Ice Beast         Ice/Summ       ######..     6%          4
 Summon Lightning Spire   Summ/Air       ######..     6%          4
 Blade Hands              Tmut           ######....   11%         5
 Alistair's Intoxication  Tmut/Pois      ######...    13%         5
 Yara's Violent Unravell  Hex/Tmut       ######....   13%         5
 Metabolic Englaciation   Hex/Ice        ######....   14%         5
 Silence                  Hex/Air        ######....   14%         5
 Summon Demon             Summ           ######....   14%         5
 Summon Mana Viper        Hex/Summ       ######..     14%         5
 Haunt                    Necr/Summ      ########..   14%         7
 Conjure Ball Lightning   Conj/Air       #######...   26%         6
 Starburst                Conj/Fire      #######...   26%         6
 Freezing Cloud           Conj/Ice/Air   #######...   34%         6
 Orb of Destruction       Conj           #######...   43%         7
 Hydra Form               Tmut           ######....   45%         6
 Death's Door             Necr           ########..   45%         9
 Eringya's Noxious Bog    Tmut/Pois      ######....   50%         6
 Invisibility             Hex            ######..     56%         6
 Ozocubu's Refrigeration  Ice            ######....   56%         6
 Shadow Creatures         Summ           N/A          56%         6
 Necromutation            Tmut/Necr      ########..   63%         8
 Malign Gateway           Summ/Tloc      #######...   65%         7
 Spellforged Servitor     Conj/Summ      #######...   78%         7
 Disjunction              Tloc           ########..   85%         8
 Dragon Form              Tmut           ######....   95%         7
 Monstrous Menagerie      Summ           ######....   98%         7
 Summon Greater Demon     Summ           ######....   98%         7
 Summon Hydra             Summ           ######....   98%         7
 Chain Lightning          Conj/Air       #######...   100%        8
 Discord                  Hex            ######....   100%        8
 Ignition                 Fire           ######....   100%        8
 Summon Horrible Things   Summ           ######....   100%        8
 Absolute Zero            Ice            ######....   100%        9
 Dragon's Call            Summ           ######....   100%        9
 Fire Storm               Conj/Fire      #######...   100%        9
 Tornado                  Air            ######....   100%        9


Dungeon Overview and Level Annotations

Branches:
Dungeon (15/15)            Temple (1/1) D:4            Lair (6/6) D:10
  Swamp (4/4) Lair:3        Snake (4/4) Lair:3        Slime (5/5) Lair:6
    Orc (2/2) D:11            Elf (3/3) Orc:2        Vaults (5/5) D:13
  Crypt (3/3) Vaults:3       Tomb (3/3) Crypt:3      Depths (3/5) D:15
   Hell (visited)             Dis (7/7) Hell            Geh (7/7) Hell
  Sewer (visited)          Bailey (visited)           IceCv (visited)
 WizLab (visited)         Gauntlet (visited)
    Coc: Hell:1         Tar: Hell:1

Altars:
Ashenzari
Cheibriados
Dithmenos
Elyvilon
Fedhas
Gozag
Hepliaklqana
Kikubaaqudgha
Makhleb
Nemelex Xobeh
Okawaru
Qazlal
Ru
Sif Muna
Trog
Uskayaw
Vehumet
Wu Jian
Xom
Yredelemnul
Zin
The Shining One
Beogh
Jiyva

Shops:
D:4 ?   D:10 ?   D:11 =   D:15 ?   Orc:2 **[=   Elf:3 *

Portals:
Hell: Depths:3
Abyss: Depths:2
Pandemonium: Depths:1 Depths:3

Annotations:
D:7 3 runed translucent doors, Brawrur's ghost, novice DDMo
D:8 2 transporters, Lanoc's ghost, novice MfFi
Lair:1 3 runed translucent doors, Xedacum's ghost, novice MiBe
Tomb:1 exclusion: sphinx
Hell exclusion: 3 doors


Innate Abilities, Weirdness & Mutations

You are resistant to damage.
You can heal yourself by infusing magical energy.
You resist negative energy. (rN+)
You passively map a large area around you.
You do not regenerate.
You are partially covered in molten scales. (AC +2)
You have a somewhat thin skeletal structure. (Dex +2, Stealth)
You are partially covered in yellow scales. (AC +2)
You possess an exceptional clarity of mind.
You are clumsy. (Dex -2)
Armour fits poorly on your strangely shaped body.
Your spells are a little harder to cast, but a little more powerful.
You evolve.
Potions are less effective at restoring your health.


Message History

Ka-crash!
A molten gargoyle and a balrug come into view.
The balrug is wielding a +2 battleaxe of freezing.
You hear a hideous shriek! x2
A balrug comes into view. It is wielding a +0 demon whip.
A dire elephant skeleton comes into view.
A Brimstone Fiend comes into view.
A crimson imp comes into view.
The balrug gestures at you. Something smites you!
You block the red devil's attack.
You regained 11 hp, and now have 144/238 hp.
You now have 20/63 mp.
Casting: Shatter (mildly dangerous; 1% risk of failure)
Confirm with . or Enter, or press ? or * to list all spells.
Okay, then.
Casting: Shatter (mildly dangerous; 1% risk of failure)
Confirm with . or Enter, or press ? or * to list all spells.
Press: ? - help, Shift-Dir - straight line, f - Brimstone Fiend
Aim: a Brimstone Fiend You feel a surge of power!
Zombie hands grab the Brimstone Fiend.
The zombie hands constrict the Brimstone Fiend!
A tormentor comes into view.
The Brimstone Fiend gestures at you.
The sphere of damnation explodes!
The damnation engulfs you!!
A fire giant comes into view.
It is wielding a +1 great sword of flaming.
You block the red devil's attack.
You hear a shout!
You hear a hideous shriek!
You hear a shout!
You take 24 damage, and have 120/238 hp.
You now have 16/63 mp.
Casting: Borgnjor's Vile Clutch (safe; 1% risk of failure)
Confirm with . or Enter, or press ? or * to list all spells.
You feel a surge of power!
The dungeon rumbles!
You kill the red devil!
Makhleb accepts your kill.
You feel better.
The balrug is severely wounded.
The fire giant is severely wounded.
The Brimstone Fiend is heavily wounded.
You destroy the dire elephant skeleton!
Makhleb accepts your kill.
You feel better.
You kill the crimson imp!
Makhleb accepts your kill.
You feel better.
The balrug is severely wounded.
The lich is almost destroyed.
You kill the tormentor!
Makhleb accepts your kill.
Ka-crash!
A lich comes into view.
The zombie hands constrict the Brimstone Fiend.
You hear a shout!
You hear a hideous shriek!
You hear an angry squeal. x2
You hear a shout!
You hear an angry squeal.
The lich mumbles some strange words.
The lich seems to speed up.
The balrug gestures at you. The sticky flame misses you.
The Brimstone Fiend gestures at you.
The sphere of damnation explodes!
The damnation engulfs you!!
A storm dragon zombie comes into view.
You regained 15 hp, and now have 135/238 hp.
You now have 7/63 mp.
Casting: Shatter (mildly dangerous; 1% risk of failure)
Confirm with . or Enter, or press ? or * to list all spells.
You draw magical energy from your own body!
The zombie hands constrict the Brimstone Fiend.
The molten gargoyle blasts magma at you!
The bolt of magma misses you. The Brimstone Fiend gestures at you.
The sphere of damnation explodes!
The damnation engulfs you!!! The balrug gestures at you.
The bolt of fire misses you.
The fire giant points at you and mumbles some strange words.
The bolt of fire hits the molten gargoyle.
The molten gargoyle completely resists.
The bolt of fire misses you.
You take 45 damage, and have 90/238 hp.
You regained 11 mp, and now have 18/63 mp.
Casting: Sublimation of Blood (safe; 1% risk of failure)
Confirm with . or Enter, or press ? or * to list all spells.
You draw magical energy from your own body!
The zombie hands constrict the Brimstone Fiend!!
A hellion comes into view.
The molten gargoyle blasts magma at you!
The bolt of magma misses you.
A red devil comes into view. It is wielding a +0 trident.
A sun demon comes into view.
The balrug gestures at you.
The bolt of fire hits the balrug.
The balrug completely resists.
The bolt of fire hits you! You resist.
* * * LOW HITPOINT WARNING * * *
The balrug gestures at you.
The fireball explodes!
The fireball engulfs you! You resist.
* * * LOW HITPOINT WARNING * * *
The Brimstone Fiend calls on the powers of darkness!
Your body is wracked with pain!
* * * LOW HITPOINT WARNING * * *
The fire giant convulses!
The hellion gestures at you.
The sphere of damnation explodes!
The damnation engulfs you!!
You die...

......§.≈≈≈≈≈≈§§..#...* *
.......≈≈≈§≈≈§§§≈.....2
,, ,
.......≈≈≈≈≈§§§......3 .
,, ,,,
....)≈≈≈.≈§≈≈≈§≈§....#.#
,
......§....≈§§≈....2....
* ........≈§.≈.§≈.Z...#.#
* ,
.......≈≈≈≈§..§...2...#
,, *,,
......≈≈≈≈≈§.≈.......1#.
*
.†....§≈§≈≈≈≈§§.@.......*
, '
.....≈≈≈≈≈§≈§§≈....$....*
,
.).)..§§≈≈§§≈≈≈.)..$....
, ,
......≈≈≈§≈§≈§§≈§.#9....*
, , *
......≈≈§§§≈≈≈≈§..##C[)#
.).....≈≈§§§≈§§.... L..#
,, ....)...§§§§≈§≈≈....
... , ,
...)...≈≈≈§§§§≈§≈≈≈. .4'
, ,, , ........≈≈≈ ≈ , *


You could see a Brimstone Fiend (clutched), a fire giant, a lich (fast), 2
balrugs, a sun demon, a hellion, a molten gargoyle, a red devil and a storm
dragon zombie.

Vanquished Creatures
  Cerebov (Pan)
  Dissolution (Slime:5)
  the Royal Jelly (Slime:5)
  Gloorx Vloq (Pan)
  Lom Lobon (Pan)
  Mnoleg (Pan)
  13 ancient liches
  Dispater (Dis:7)
  the Serpent of Hell (Dis:7)
  Khufu (Crypt:1)
  4 juggernauts
  33 greater mummies
  Boris (twice) (Tomb:2 Depths:3)
  A shard shrike (Zig:5)
  4 Killer Klowns
  Xtahua (Vaults:3)
  the Lernaean hydra (Swamp:4)
  Geryon (Hell)
  16 golden dragons
  A profane servitor (Abyss:1)
  9 bone dragons
  3 pearl dragons (Zig:13)
  7 liches
  A Tzitzimitl (Dis:7)
  13 Brimstone Fiends
  12 iron giants
  A doom hound (Zig:8)
  A hellephant (Pan)
  10 tentacled monstrosities
  9 Ice Fiends
  13 Hell Sentinels
  13 quicksilver dragons
  2 deep elf blademasters (Elf:3)
  10 pandemonium lords
  14 titans
  2 deep elf master archers (Elf:3)
  31 ancient champions
  A sphinx (shapeshifter) (Zig:14)
  Murray (Hell)
  41 acid blobs
  19 Executioners
  17 sphinxes
  6 thorn hunters
  An eldritch tentacle (Pan)
  6 storm dragons
  4 tengu reavers
  A tentacled starspawn (Abyss:1)
  8 draconian monks (Zig:20)
  Donald (Vaults:4)
  29 nagarajas
  2 shadow dragons (Zig:19)
  3 daevas (Zig:13)
  25 azure jellies
  5 frost giants
  10 draconian knights
  4 fire giants
  10 iron dragons
  11 cacodemons (Pan)
  10 revenants
  An emperor scorpion (shapeshifter) (Zig:27)
  3 caustic shrike zombies (Zig:25)
  6 ghouls
  3 warmongers (Pan)
  13 vault wardens
  6 deep elf sorcerers (Elf:3)
  10 draconian shifters
  10 draconian scorchers
  24 balrugs
  10 draconian stormcallers
  9 angels (Zig:13)
  17 orc warlords
  25 reapers
  7 curse skulls
  2 ghost moths
  3 deep elf elementalists
  3 juggernaut zombies
  A spriggan defender (Depths:3)
  24 very ugly things
  13 ironheart preservers
  9 draconian annihilators
  6 vampire knights
  An entropy weaver (Vaults:3)
  A juggernaut skeleton (Zig:21)
  26 war gargoyles
  15 stone giants
  2 ophanim (Zig:13)
  2 apis (Zig:13)
  2 corrupters (Pan)
  10 bennus
  4 lorocyprocas (Pan)
  5 blood saints (Pan)
  9 deep elf demonologists
  5 black suns
  3 green draconians
  Azrael (D:14)
  7 black draconians
  3 yellow draconians
  3 white draconians
  8 deep elf annihilators (Elf:3)
  A minotaur (Gauntlet)
  5 red draconians (Zig:18)
  13 deep elf death magi
  7 purple draconians
  13 blizzard demons
  7 green deaths (Pan)
  6 eidola (Zig:26)
  15 ettins
  11 jiangshi
  13 fire dragons
  3 quicksilver dragon zombies
  18 death oozes
  21 mummy priests
  Josephine (D:11)
  2 rakshasas
  A deep elf high priest (Vaults:5)
  20 great orbs of eyes
  21 yaktaur captains
  The ghost of Eckutwi the Frost Mage, a journeyman DEIE of Sif Muna (Lair:4)
  2 hell beasts
  6 monstrous demonspawn (Pan)
  A spriggan air mage (WizLab)
  5 ice dragons
  30 vault guards
  17 naga warriors
  20 hydras
  5 ghost crabs
  2 quicksilver dragon skeletons
  A catoblepas (Lair:6)
  A catoblepas (shapeshifter) (Zig:27)
  9 anacondas
  9 centaur warriors
  4 death knights
  3 tengu warriors
  22 two-headed ogres
  A shambling mangrove (Swamp:2)
  4 deep troll shamans
  76 death scarabs
  3 two-headed ogres (shapeshifter)
  An alligator (Zig:7)
  9 ogre magi
  12 vampire magi
  11 hell hogs
  22 dancing weapons
  11 orc high priests
  3 deep troll earth magi
  4 titan zombies
  13 shock serpents
  24 sun demons
  20 naga sharpshooters
  9 iron golems
  3 storm dragon zombies
  21 deep elf knights
  Sonja (Lair:3)
  24 soul eaters
  16 sixfirhies (Pan)
  12 iron trolls
  A wretched star (Abyss:1)
  An iron troll (shapeshifter) (Zig:14)
  17 shadow wraiths
  5 salamander mystics
  3 death drakes
  21 hell knights
  An anaconda zombie (Hell)
  51 skeletal warriors
  A titan skeleton (Geh:7)
  2 ghost moth zombies
  13 deep trolls
  A sea snake (Snake:2)
  2 cherubim (Zig:13)
  A sea snake (shapeshifter) (Zig:27)
  7 wizards
  5 unseen horrors
  4 shadow demons
  2 golden dragon zombies
  12 naga ritualists
  21 swamp dragons
  3 gelid demonspawn (Pan)
  2 spriggan druids
  6 torturous demonspawn (Pan)
  10 flayed ghosts
  7 infernal demonspawn (Pan)
  4 shadow dragon zombies
  3 obsidian statues (Zig:11)
  13 phantasmal warriors
  19 deep elf archers
  5 harpies (Vaults:5)
  A golden dragon skeleton (Zig:21)
  6 iron dragon zombies
  10 ironbrand convokers
  Pikel (D:8)
  3 glowing orange brains
  31 orc knights
  A wolf spider zombie (Dis:7)
  An orb spider (shapeshifter) (Vaults:5)
  10 necromancers
  An oklob plant (Snake:1)
  A shining eye (shapeshifter) (Zig:17)
  2 frost giant zombies
  14 mana vipers
  10 orc sorcerers
  60 deep elf magi
  32 ugly things
  20 shining eyes
  4 wolf spiders
  4 stone giant zombies
  A worldbinder (Abyss:3)
  A faun (shapeshifter) (Zig:14)
  2 fire giant zombies
  3 draconians (Abyss:3)
  A tengu skeleton (Zig:11)
  3 shadow dragon skeletons
  2 manticores
  A salamander (shapeshifter) (Zig:14)
  9 cyclopes
  7 apocalypse crabs
  8 salamanders
  7 fire giant skeletons
  44 black mambas
  14 moths of wrath
  41 rust devils
  2 sphinx skeletons
  7 spriggan zombies
  2 iron dragon skeletons (Pan)
  14 vault sentinels
  4 centaur zombies
  An elephant (D:10)
  3 stone giant skeletons
  A black mamba (shapeshifter) (Depths:3)
  10 eyes of devastation
  A shock serpent zombie (Dis:7)
  2 dire elephant zombies
  3 ice statues
  Joseph (Lair:1)
  12 guardian serpents
  9 smoke demons
  23 naga magi
  6 frost giant skeletons
  7 molten gargoyles
  2 elf skeletons
  An alligator snapping turtle zombie (Crypt:3)
  An eye of devastation (shapeshifter) (Depths:2)
  Maggie (D:10)
  A gargoyle (D:14)
  A dire elephant skeleton (Geh:7)
  14 orange demons (Pan)
  A spriggan skeleton (Zig:8)
  2 emperor scorpion zombies
  25 cane toads
  A catoblepas zombie (Crypt:2)
  19 hellions
  A komodo dragon (Lair:6)
  2 storm dragon simulacra
  11 rime drakes
  A black draconian skeleton (Crypt:3)
  2 efreet (Pan)
  10 freezing wraiths
  25 yaktaurs
  9 hellwings
  3 demonic crawlers
  A white draconian zombie (Crypt:1)
  An alligator snapping turtle skeleton (Crypt:3)
  22 tormentors
  A death yak skeleton (Crypt:1)
  A catoblepas skeleton (Crypt:3)
  19 ice devils
  27 red devils
  A golden dragon simulacrum (Crypt:1)
  55 guardian mummies
  A white draconian skeleton (Crypt:2)
  2 tengu conjurers
  An ancient zyme (Zig:2)
  A harpy zombie (Dis:2)
  2 hydra zombies
  A jumping spider (shapeshifter) (Vaults:2)
  7 meliai
  12 trolls
  A meliai (shapeshifter) (Zig:27)
  A queen bee (D:12)
  4 wind drakes
  A polar bear (Lair:4)
  A shadow dragon simulacrum (Zig:21)
  11 tyrant leeches
  9 hornets
  A blink frog (shapeshifter) (D:14)
  A harpy skeleton (Tomb:1)
  12 hippogriffs
  Prince Ribbit (D:7)
  20 blink frogs
  6 raiju (Abyss:3)
  An alligator zombie (Hell)
  4 bog bodies
  A hydra skeleton (Crypt:3)
  2 fire dragon zombies
  143 slime creatures
  2 ice dragon skeletons
  3 ettin zombies
  3 meliai zombies (D:14)
  4 dream sheep (Lair:3)
  A shock serpent simulacrum (Crypt:1)
  46 flying skulls
  7 shadows
  7 starcursed masses
  A tarantella (shapeshifter) (Depths:2)
  A black mamba zombie (Dis:5)
  4 ice dragon zombies
  A redback (shapeshifter) (Zig:14)
  10 air elementals
  3 spriggans (Swamp:1)
  6 vampires
  9 ynoxinuls
  An alligator skeleton (Hell)
  A wind drake zombie (Crypt:3)
  A wyvern (shapeshifter) (D:14)
  7 ushabtiu
  28 wraiths
  5 wyverns
  20 fire elementals
  A redback (Vaults:3)
  42 yaks
  A human (shapeshifter) (Zig:27)
  6 basilisks
  6 water elementals
  A spectral komodo dragon (Lair:4)
  14 golden eyes
  20 chaos spawn
  6 steam dragons (Zig:19)
  14 wargs
  A human simulacrum (Vaults:1)
  22 vampire mosquitoes
  8 acid dragons
  18 neqoxecs
  2 swamp worms
  A swamp worm (shapeshifter) (Zig:14)
  An insubstantial wisp (Zig:7)
  12 water moccasins
  29 large abominations
  56 nagas
  22 hell hounds
  A soldier ant (D:14)
  A cane toad zombie (Dis:7)
  2 floating eyes (shapeshifter)
  5 floating eyes
  6 porcupines
  3 ice beasts
  4 small abominations (Abyss:3)
  2 black bears (D:9)
  A water nymph skeleton (Crypt:2)
  A sky beast (D:9)
  A black bear (shapeshifter) (D:14)
  3 cane toad skeletons
  113 orc warriors
  13 swamp drakes
  An eye of draining (shapeshifter) (Depths:1)
  A snapping turtle zombie (Hell)
  An ice dragon simulacrum (Crypt:1)
  13 necrophages
  28 ogres
  2 phantoms
  19 eyes of draining
  7 boggarts
  2 snapping turtle skeletons
  A lindwurm skeleton (Crypt:1)
  A swamp dragon skeleton (Geh:4)
  23 centaurs
  A blink frog skeleton (Crypt:2)
  4 crocodiles
  8 elf zombies
  29 bullfrogs
  A hippogriff skeleton (Crypt:2)
  2 cane toad simulacra (Lair:4)
  A draconian skeleton (Crypt:1)
  6 earth elementals
  4 scorpions
  2 wyvern skeletons
  18 killer bees
  A warg skeleton (Crypt:2)
  32 wights
  5 howler monkeys
  2 electric eels
  12 crimson imps
  2 quasits
  3 bullfrog skeletons
  A bullfrog zombie (D:12)
  5 hounds
  7 jellies
  2 komodo dragon simulacra (Lair:4)
  34 orc priests
  2 centaur skeletons
  40 iron imps
  18 orc wizards
  An iguana (D:5)
  13 worker ants
  A deep dwarf zombie (Crypt:3)
  An acid dragon zombie (Crypt:3)
  A big kobold zombie (Crypt:1)
  An ogre zombie (Dis:7)
  A tengu zombie (Crypt:2)
  A hound zombie (D:5)
  63 mummies
  2 hound skeletons
  3 worker ant zombies
  A gnoll (Zig:15)
  27 adders
  A howler monkey skeleton (D:5)
  6 river rats (Sewer)
  6 shadow imps
  15 white imps
  6 ufetubi
  3 oozes
  An adder zombie (D:6)
  An iguana skeleton (Crypt:2)
  An adder skeleton (D:9)
  A worm (D:4)
  18 ball lightnings
  5 leopard geckos
  111 orcs
  3 giant cockroaches
  19 goblins
  7 hobgoblins
  2 jackals (D:2)
  A quokka (D:5)
  14 ball pythons
  9 bats
  5 frilled lizards
  A giant cockroach zombie (D:5)
  2 kobolds (D:1)
  A leopard gecko skeleton (D:5)
  25 rats
  A rat skeleton (Crypt:2)
  A block of ice (Pan)
  36 briar patches
  3 bushes
  12 fire vortices
  A lurking horror (Abyss:3)
  2 starspawn tentacles (Abyss:1)
3982 creatures vanquished.

Vanquished Creatures (collateral kills)
  A pandemonium lord (Pan)
  A Killer Klown (Zig:14)
  A golden dragon (Vaults:5)
  2 Brimstone Fiends (Pan)
  A Cloud Mage (WizLab)
  A titan (Vaults:5)
  2 acid blobs
  2 Executioners (Pan)
  A fire giant (Vaults:5)
  The ghost of PanSaczeczos the Fighter, an adept HaBr of Fedhas (Snake:1)
  A vault warden (Vaults:5)
  2 ghost moths (Pan)
  A balrug (Pan)
  Aizul (Snake:1)
  A blood saint (Pan)
  2 bennus (Tomb:2)
  A black sun (Pan)
  2 lorocyprocas (Pan)
  2 mummy priests (Tomb:3)
  2 great orbs of eyes
  A naga warrior (Snake:1)
  3 hydras
  An anaconda (Snake:4)
  A hell beast (Pan)
  2 dancing weapons (Elf:2)
  A death scarab (Zig:21)
  2 alligators (Swamp:2)
  A deep elf knight (Elf:2)
  A sun demon (Pan)
  A golden dragon zombie (Zig:21)
  2 skeletal warriors
  A salamander mystic (Snake:4)
  A gelid demonspawn (Pan)
  3 swamp dragons
  An orc knight (Orc:2)
  A shadow dragon zombie (Zig:21)
  An ugly thing (Vaults:5)
  3 deep elf magi (Elf:2)
  2 salamanders (Snake:4)
  2 smoke demons (Pan)
  3 black mambas
  A guardian serpent (Snake:1)
  An orange demon (Pan)
  A cane toad (Lair:6)
  A hellion (Zig:25)
  3 guardian mummies (Tomb:3)
  2 red devils (Pan)
  2 tyrant leeches
  11 slime creatures
  A slime creature (shapeshifter) (Vaults:5)
  An air elemental (WizLab)
  A wraith (Zig:25)
  2 neqoxecs (Pan)
  A vampire mosquito (Swamp:2)
  3 chaos spawn (Pan)
  5 nagas
  3 swamp drakes (Swamp:4)
  An eye of draining (Pan)
  A snapping turtle skeleton (Pan)
  An electric eel (Lair:6)
  3 iron imps (Zig:25)
  6 mummies (Tomb:3)
  3 ball lightnings
116 creatures vanquished.

Vanquished Creatures (others)
  A Brimstone Fiend (Pan)
  2 pandemonium lords (Zig:14)
  Louise (Snake:4)
  A draconian annihilator (Pan)
  A reaper (IceCv)
  A corrupter (Pan)
  A blizzard demon (Pan)
  A tengu warrior (Depths:2)
  A soul eater (Pan)
  A deep elf knight (Elf:3)
  3 wizards (Pan)
  3 deep elf magi (Elf:3)
  A smoke demon (Pan)
  A hellwing (Pan)
  A wind drake (WizLab)
  A shadow (Geh:2)
  A fire elemental (Elf:3)
  3 ynoxinuls (Pan)
  A chaos spawn (Pan)
  A swamp drake (Zig:19)
  An orc wizard (D:8)
  An iron imp (Zig:25)
  2 white imps (IceCv)
  2 ufetubi (IceCv)
  7 ball lightnings (Pan)
  A briar patch (Swamp:3)
  A fire vortex (Zig:14)
  17 fungi
  81 plants
  A starspawn tentacle (Abyss:1)
141 creatures vanquished.

Grand Total: 4239 creatures vanquished

Notes
Turn   | Place    | Note
-------+----------+-------------------------------------------
     0 | D:1      | Irenicus the Deep Dwarf Earth Elementalist began the quest
                  | for the Orb.
     0 | D:1      | Reached XP level 1. HP: 15/15 MP: 3/3
    85 | D:1      | Reached XP level 2. HP: 8/22 MP: 0/4
    86 | D:1      | HP: 4/22 [goblin/+0 club (4)]
   175 | D:1      | Reached skill level 5 in Earth Magic
   250 | D:1      | Learned a level 2 spell: Passwall
   607 | D:2      | Reached XP level 3. HP: 23/28 MP: 0/5
   664 | D:2      | Reached skill level 6 in Earth Magic
   940 | D:2      | Reached XP level 4. HP: 21/36 MP: 3/6
   964 | D:2      | D2 : ring of magical power
  1266 | D:3      | Noticed a bullfrog
  1272 | D:3      | Killed a bullfrog
  1272 | D:3      | Reached skill level 7 in Earth Magic
  1272 | D:3      | Reached XP level 5. HP: 25/42 MP: 7/7
  1316 | D:3      | Reached skill level 8 in Earth Magic
  1527 | D:4      | Learned a level 3 spell: Stone Arrow
  1583 | D:4      | Reached skill level 1 in Shields
  1607 | D:4      | Found a sparkling altar of Nemelex Xobeh.
  1608 | D:4      | Found Pukhuok's Magic Scroll Shop.
  1617 | D:4      | Reached XP level 6. HP: 28/49 MP: 7/8
  1633 | D:4      | Reached skill level 9 in Earth Magic
  1652 | D:4      | Found a staircase to the Ecumenical Temple.
  1662 | Temple   | Entered the Ecumenical Temple
  1847 | D:5      | Entered Level 5 of the Dungeon
  1862 | D:5      | Reached skill level 2 in Shields
  1944 | D:5      | Found a glowing drain.
  1953 | Sewer    | Entered a sewer
  2076 | Sewer    | Reached skill level 3 in Shields
  2076 | Sewer    | Reached XP level 7. HP: 24/55 MP: 9/9
  2077 | Sewer    | Reached skill level 1 in Evocations
  2162 | Sewer    | Reached skill level 2 in Evocations
  2169 | Sewer    | Reached skill level 4 in Shields
  2230 | D:5      | Reached skill level 3 in Evocations
  2386 | D:5      | Reached skill level 2 in Spellcasting
  2468 | D:6      | HP: 12/55 [worker ant (3)]
  2512 | D:6      | Reached skill level 10 in Earth Magic
  2512 | D:6      | Reached skill level 4 in Evocations
  2512 | D:6      | Reached XP level 8. HP: 27/62 MP: 8/11
  2552 | D:6      | Learned a level 5 spell: Lee's Rapid Deconstruction
  2553 | D:6      | Noticed a hippogriff
  2561 | D:6      | Killed a hippogriff
  2561 | D:6      | Reached skill level 5 in Evocations
  2677 | D:6      | Found a glowing golden altar of the Shining One.
  2773 | D:7      | Reached skill level 6 in Evocations
  2904 | D:7      | Reached skill level 11 in Earth Magic
  2957 | D:7      | Found a burning altar of Makhleb.
  2965 | D:7      | Became a worshipper of Makhleb the Destroyer
  3001 | D:7      | Noticed Prince Ribbit
  3007 | D:7      | Killed Prince Ribbit
  3007 | D:7      | Reached skill level 7 in Evocations
  3038 | D:7      | Makhleb on D7
  3084 | D:7      | Found a runed translucent gate.
  3084 | D:7      | Found a runed translucent gate.
  3084 | D:7      | Identified the +7 chain mail of Wecenal {Stlth+}
  3084 | D:7      | Found a runed translucent gate.
  3084 | D:7      | Found a roughly hewn altar of Beogh.
  3087 | D:7      | Noticed Brawrur's ghost (novice DDMo)
  3225 | D:8      | Noticed a two-headed ogre
  3234 | D:8      | Killed a two-headed ogre
  3234 | D:8      | Reached skill level 13 in Earth Magic
  3234 | D:8      | Gained mutation: You passively map the area around you.
                  | [Deep Dwarf growth]
  3234 | D:8      | Reached XP level 9. HP: 45/68 MP: 11/12
  3236 | D:8      | Noticed Pikel
  3244 | D:8      | Killed Pikel
  3244 | D:8      | Reached skill level 14 in Earth Magic
  3282 | D:8      | Found a white marble altar of Elyvilon.
  3297 | D:8      | Found a glowing golden altar of the Shining One.
  3388 | D:8      | Found a flagged portal.
  3399 | Bailey   | Entered a bailey
  3441 | D:8      | Noticed a two-headed ogre
  3457 | D:8      | Killed a two-headed ogre
  3457 | D:8      | Reached skill level 4 in Spellcasting
  3457 | D:8      | Reached XP level 10. HP: 48/75 MP: 0/17
  3458 | D:8      | Noticed a two-headed ogre
  3464 | D:8      | Killed a two-headed ogre
  3464 | D:8      | Reached * piety under Makhleb
  3464 | D:8      | Reached skill level 5 in Spellcasting
  3503 | D:8      | Found a bloodstained altar of Trog.
  3503 | D:8      | Noticed Lanoc's ghost (novice MfFi)
  3504 | D:8      | Noticed a moth of wrath
  3505 | D:8      | Found a transporter.
  3521 | D:8      | Found a transporter.
  3535 | D:8      | Noticed a two-headed ogre
  3544 | D:8      | Killed a two-headed ogre
  3544 | D:8      | Reached skill level 6 in Spellcasting
  3581 | D:8      | Reached skill level 7 in Spellcasting
  3666 | D:9      | Reached skill level 1 in Conjurations
  3786 | D:9      | Reached skill level 2 in Conjurations
  3794 | D:9      | Got an ancient falchion
  3795 | D:9      | Identified the +10 falchion of Success {vamp, +Inv rF- MP+9
                  | Dex+4} (You found it on level 9 of the Dungeon)
  3823 | D:9      | HP: 16/75 [something (4)]
  3829 | D:9      | HP: 10/75 [something (6)]
  3830 | D:9      | Killed an unseen horror
  3830 | D:9      | Reached skill level 8 in Spellcasting
  3885 | D:9      | Identified the +3 kite shield of Ifesag {+Fly rC+ Str+8
                  | Dex-3} (You found it on level 9 of the Dungeon)
  3931 | D:9      | You fall into a shaft and drop 2 floors!
  3993 | D:11     | HP: 18/75 [yak (2)]
  3994 | D:11     | Reached ** piety under Makhleb
  4034 | D:11     | Noticed a two-headed ogre
  4038 | D:11     | Killed a two-headed ogre
  4038 | D:11     | Reached skill level 9 in Spellcasting
  4038 | D:11     | Reached XP level 11. HP: 51/81 MP: 7/24
  4055 | D:11     | Noticed a two-headed ogre
  4058 | D:11     | Killed a two-headed ogre
  4068 | D:10     | Entered Level 10 of the Dungeon
  4071 | D:10     | Found Keuve's Magic Scroll Emporium.
  4093 | D:10     | Bought a scroll of blinking for 75 gold pieces
  4293 | D:10     | Noticed a two-headed ogre
  4298 | D:10     | Killed a two-headed ogre
  4298 | D:10     | Reached skill level 10 in Spellcasting
  4310 | D:10     | Noticed Maggie
  4331 | D:10     | Killed Maggie
  4464 | D:10     | Found a staircase to the Lair.
  4500 | Lair:1   | Entered Level 1 of the Lair of Beasts
  4533 | Lair:1   | Reached *** piety under Makhleb
  4537 | Lair:1   | Reached skill level 11 in Spellcasting
  4636 | Lair:1   | Noticed a seven-headed hydra
  4691 | Lair:1   | Found a runed translucent gate.
  4692 | Lair:1   | Found a runed translucent gate.
  4697 | Lair:1   | Killed a seven-headed hydra
  4698 | Lair:1   | Found a runed translucent gate.
  4698 | Lair:1   | Noticed Xedacum's ghost (novice MiBe)
  4751 | Lair:1   | Noticed Joseph
  4757 | Lair:1   | Killed Joseph
  5066 | Lair:2   | Reached XP level 12. HP: 73/88 MP: 27/27
  5151 | Lair:2   | Noticed a six-headed hydra
  5159 | Lair:2   | Killed a six-headed hydra
  5159 | Lair:2   | Reached skill level 12 in Spellcasting
  5168 | Lair:2   | Reached skill level 15 in Earth Magic
  5338 | Lair:3   | Got a faintly glowing jade amulet
  5355 | Lair:3   | Reached **** piety under Makhleb
  5400 | Lair:3   | Noticed a seven-headed hydra
  5404 | Lair:3   | Killed a seven-headed hydra
  5463 | Lair:3   | Noticed Sonja
  5478 | Lair:3   | Killed Sonja
  5478 | Lair:3   | Reached skill level 16 in Earth Magic
  5598 | Lair:3   | Found a staircase to the Swamp.
  5628 | Lair:3   | Reached skill level 17 in Earth Magic
  5784 | Lair:3   | Found a staircase to the Snake Pit.
  5823 | Lair:4   | Found a runed translucent gate.
  5823 | Lair:4   | Found a runed translucent gate.
  5823 | Lair:4   | Found a runed translucent gate.
  5862 | Lair:4   | Reached skill level 5 in Shields
  6023 | Lair:4   | Found a frozen archway.
  6027 | Lair:4   | Reached skill level 6 in Shields
  6037 | IceCv    | Entered an ice cave
  6051 | IceCv    | Reached ***** piety under Makhleb
  6074 | IceCv    | Reached skill level 7 in Shields
  6127 | IceCv    | HP: 22/88 [ice devil (3)]
  6159 | IceCv    | HP: 20/88 [ice devil (5)]
  6165 | IceCv    | HP: 15/88 [ice devil (5)]
  6211 | IceCv    | Killed a reaper
  6282 | IceCv    | Reached skill level 8 in Shields
  6284 | IceCv    | Reached XP level 13. HP: 92/94 MP: 2/29
  6439 | Lair:4   | Noticed Eckutwi's ghost (journeyman DEIE)
  6479 | Lair:4   | Killed Eckutwi's ghost
  6659 | Lair:5   | Reached skill level 9 in Shields
  6663 | Lair:5   | Reached skill level 1 in Armour
  7000 | Lair:6   | Entered Level 6 of the Lair of Beasts
  7028 | Lair:6   | Learned a level 1 spell: Apportation
  7061 | Lair:6   | Reached skill level 2 in Armour
  7090 | Lair:6   | Found a gate leading to a gauntlet.
  7099 | Gauntlet | Entered a Gauntlet
  7099 | Gauntlet | Found a transporter.
  7099 | Gauntlet | Found a transporter.
  7100 | Gauntlet | Noticed a death ooze
  7101 | Gauntlet | Found a transporter.
  7102 | Gauntlet | Found a transporter.
  7105 | Gauntlet | Found a transporter.
  7105 | Gauntlet | Found a transporter.
  7137 | Gauntlet | Found a transporter.
  7141 | Gauntlet | Found a transporter.
  7151 | Gauntlet | Found a transporter.
  7153 | Gauntlet | Noticed a reaper
  7167 | Gauntlet | Found a transporter.
  7181 | Gauntlet | Found a transporter.
  7185 | Gauntlet | Found a transporter.
  7188 | Gauntlet | Found a runed translucent door.
  7266 | Gauntlet | Reached skill level 3 in Armour
  7266 | Gauntlet | Reached skill level 10 in Shields
  7297 | Gauntlet | Killed a reaper
  7307 | Gauntlet | Got a masterwork hat
  7318 | Gauntlet | Identified the +2 hat "Xeynnuy" {rElec Regen+ Int-4 Stlth+}
                  | (You found it in a Gauntlet)
  7364 | Gauntlet | Noticed a minotaur
  7369 | Gauntlet | HP: 7/94 [minotaur/javelin (22)]
  7371 | Gauntlet | Killed a minotaur
  7389 | Gauntlet | Identified the amulet "Jumalayl" {Faith +Inv Int+2 Dex+6}
                  | (You found it on level 3 of the Lair of Beasts)
  7412 | Gauntlet | Got a glimmering scimitar
  7413 | Gauntlet | Identified the +8 scimitar "Ogreslayer" {pain, rElec Str-2
                  | Dex+3} (You found it in a Gauntlet)
  7442 | Lair:6   | Reached skill level 4 in Armour
  7457 | Lair:6   | Found a runed translucent door.
  7459 | Lair:6   | Found a viscous altar of Jiyva.
  7461 | Lair:6   | Found a staircase to the Slime Pits.
  7534 | Lair:6   | Reached skill level 11 in Shields
  7535 | Lair:6   | Reached skill level 3 in Dodging
  7561 | Lair:6   | Reached skill level 4 in Dodging
  7620 | Lair:6   | Reached skill level 12 in Shields
  7669 | Lair:6   | Reached skill level 5 in Dodging
  7705 | Lair:6   | Got a translucent rapier
  7713 | Lair:6   | Identified the +6 rapier of the Elven Halls {pain, Dex+4}
                  | (You found it on level 6 of the Lair of Beasts)
  7816 | Lair:6   | Gained mutation: You resist negative energy. (rN+) [Deep
                  | Dwarf growth]
  7816 | Lair:6   | Reached XP level 14. HP: 102/102 MP: 17/30
  8126 | D:11     | Found a staircase to the Orcish Mines.
  8276 | D:11     | Noticed Josephine
  8285 | D:11     | Reached skill level 6 in Dodging
  8289 | D:11     | Killed Josephine
  8289 | D:11     | Reached skill level 13 in Shields
  8323 | D:11     | Found Lusmuti's Jewellery Shoppe.
  8326 | D:11     | Bought an uncursed amulet of the acrobat for 390 gold
                  | pieces
  8339 | D:11     | magic regen D11
  8339 | D:11     | Reached ****** piety under Makhleb
  8481 | Orc:1    | Entered Level 1 of the Orcish Mines
  8586 | Orc:1    | ... it wasn't a magic rege I bought but acrobat
  8592 | Orc:2    | Entered Level 2 of the Orcish Mines
  8592 | Orc:2    | Found a staircase to the Elven Halls.
  9049 | Orc:2    | Reached skill level 7 in Dodging
  9089 | Orc:2    | Found Lyhuurehe's Assorted Antiques.
  9089 | Orc:2    | Found Unuufiyf's General Store.
  9176 | Orc:2    | Found a roughly hewn altar of Beogh.
  9253 | Orc:2    | Found Saschigrem's Jewellery Shop.
  9253 | Orc:2    | Found Veycud's Antique Armour Emporium.
  9266 | Orc:2    | Reached skill level 14 in Shields
  9267 | Orc:2    | Bought a distressingly furry scale mail for 288 gold pieces
  9279 | Orc:2    | Identified the cursed +1 scale mail "Goquosibo" {rF+++ rC-
                  | rCorr Dex+3} (You bought it in a shop on level 2 of the
                  | Orcish Mines)
  9330 | Orc:2    | Bought a potion of curing for 81 gold pieces
  9330 | Orc:2    | Bought a potion of brilliance for 108 gold pieces
  9330 | Orc:2    | Bought a potion of mutation for 216 gold pieces
  9330 | Orc:2    | Bought a potion of brilliance for 108 gold pieces
  9330 | Orc:2    | Bought a scroll of identify for 54 gold pieces
  9330 | Orc:2    | Bought a condenser vane (2/2) for 540 gold pieces
  9339 | Orc:2    | Bought 18 stones for 25 gold pieces
  9339 | Orc:2    | Bought a potion of mutation for 112 gold pieces
  9339 | Orc:2    | Bought a scroll of identify for 28 gold pieces
  9339 | Orc:2    | Bought a scroll of identify for 28 gold pieces
  9386 | Orc:1    | Noticed an orc warlord
  9389 | Orc:1    | Noticed an orc warlord
  9399 | Orc:1    | Killed an orc warlord
  9400 | Orc:1    | Killed an orc warlord
  9400 | Orc:1    | Reached skill level 8 in Dodging
  9504 | Orc:1    | Reached skill level 15 in Shields
  9544 | Orc:1    | Found a roughly hewn altar of Beogh.
  9602 | Orc:1    | Found a roughly hewn altar of Beogh.
  9637 | Elf:1    | Entered Level 1 of the Elven Halls
  9765 | Elf:1    | Reached skill level 9 in Dodging
  9782 | Elf:1    | Reached skill level 8 in Evocations
  9788 | Elf:1    | Identified the Papyrus of Unholy Rituals (You found it on
                  | level 1 of the Elven Halls)
 10010 | Elf:1    | Reached skill level 9 in Evocations
 10018 | Elf:1    | Reached XP level 15. HP: 105/108 MP: 10/31
 10076 | Elf:1    | Reached skill level 10 in Evocations
 10166 | Elf:1    | Reached skill level 11 in Evocations
 10332 | Elf:2    | Reached skill level 12 in Evocations
 10447 | Elf:2    | Reached skill level 13 in Evocations
 10584 | Elf:2    | Reached skill level 14 in Evocations
 10634 | Elf:2    | Found a runed translucent gate.
 10637 | Elf:2    | Found a runed translucent gate.
 10637 | Elf:2    | Found a runed translucent gate.
 10651 | Elf:2    | Got a jewelled morningstar
 10652 | Elf:2    | Identified the +10 morningstar "Rieqas" {vorpal, rF+ Str+4
                  | Int-5 Dex+4} (You found it on level 2 of the Elven Halls)
 10768 | Elf:3    | Entered Level 3 of the Elven Halls
 10775 | Elf:3    | Found Xooxt's Assorted Antiques.
 10786 | Elf:3    | Bought a papyrus book for 435 gold pieces
 10804 | Elf:3    | Reached skill level 15 in Evocations
 10954 | Elf:3    | Cast into level 3 of the Abyss (a deep elf demonologist)
 11052 | Abyss:3  | Noticed an Executioner
 11059 | Abyss:3  | Killed an Executioner
 11059 | Abyss:3  | Reached skill level 3 in Stealth
 11059 | Abyss:3  | Reached skill level 16 in Evocations
 11109 | Abyss:3  | Found a corrupted altar of Lugonu.
 11181 | Abyss:3  | Reached skill level 4 in Stealth
 11187 | Abyss:3  | Gained mutation: You occasionally shout uncontrollably at
                  | your foes. [a neqoxec]
 11300 | Abyss:3  | Noticed a bone dragon
 11310 | Abyss:3  | Killed a bone dragon
 11310 | Abyss:3  | Reached skill level 5 in Stealth
 11310 | Abyss:3  | Reached XP level 16. HP: 92/92 MP: 3/28
 11395 | Abyss:3  | Reached skill level 6 in Stealth
 11399 | Elf:3    | Escaped the Abyss
 11402 | Elf:3    | Reached skill level 7 in Stealth
 11533 | Elf:3    | Noticed a deep elf master archer
 11535 | Elf:3    | Noticed a deep elf blademaster
 11536 | Elf:3    | Reached skill level 17 in Evocations
 11536 | Elf:3    | Killed a deep elf master archer
 11539 | Elf:3    | Reached skill level 5 in Armour
 11540 | Elf:3    | Identified the +3 dire flail "Geasaczu" {venom, Int+6
                  | Dex+6}
 11541 | Elf:3    | Noticed a deep elf blademaster
 11542 | Elf:3    | Killed a deep elf blademaster
 11542 | Elf:3    | Reached skill level 6 in Armour
 11542 | Elf:3    | Reached skill level 10 in Dodging
 11548 | Elf:3    | Killed a deep elf blademaster
 11548 | Elf:3    | Reached skill level 7 in Armour
 11556 | Elf:3    | Reached skill level 18 in Evocations
 11573 | Elf:3    | Reached skill level 11 in Dodging
 11577 | Elf:3    | Found the +8 demon blade "Leech" {vamp, *Rage +Rage rN+}
 11608 | Elf:3    | Got a smoking amber ring
 11623 | Elf:3    | Learned a level 2 spell: Sublimation of Blood
 11628 | Elf:3    | Noticed a deep elf master archer
 11647 | Elf:3    | Killed a deep elf master archer
 11647 | Elf:3    | Reached skill level 8 in Armour
 11656 | Elf:3    | Found the ring of Phasing {EV+8}
 11665 | Elf:3    | Reached XP level 17. HP: 88/121 MP: 4/33
 11678 | Elf:3    | Identified the ring of Attitude {rPois rF++ rC- rN+} (You
                  | found it on level 3 of the Elven Halls)
 11690 | Elf:3    | Identified the Catalogue of the New World
 11698 | Elf:3    | Learned a level 5 spell: Borgnjor's Vile Clutch
 11776 | Elf:3    | Got a steaming helmet
 11787 | Elf:3    | Identified the +1 helmet of the Bard {MR- rCorr Str+3} (You
                  | found it on level 3 of the Elven Halls)
 11919 | Elf:3    | Identified the +6 dagger of Tuiguic {chaos, rElec rN+
                  | Int+2}
 11977 | Elf:3    | Bought a wand of acid (9) for 232 gold pieces
 12026 | Elf:2    | Reached skill level 1 in Necromancy
 12068 | Elf:2    | Reached skill level 2 in Necromancy
 12148 | Elf:2    | HP: 27/121 [something/shard of ice (27)]
 12213 | Elf:2    | Reached skill level 9 in Armour
 12213 | Elf:2    | Reached skill level 3 in Necromancy
 12230 | Elf:2    | Reached skill level 4 in Necromancy
 12283 | Elf:2    | Reached skill level 5 in Necromancy
 12580 | Snake:1  | Entered Level 1 of the Snake Pit
 12583 | Snake:1  | Reached skill level 6 in Necromancy
 12655 | Snake:1  | Identified the +4 great sword of the Trees {speed, *Corrode
                  | rN+ MR+ Int+6}
 12666 | Snake:1  | Found a bloodstained altar of Trog.
 12666 | Snake:1  | Identified the +5 long sword "Fuecev" {flame, SInv}
 12667 | Snake:1  | Noticed PanSaczeczos's ghost (adept HaBr)
 12698 | Snake:1  | Reached skill level 7 in Necromancy
 12714 | Snake:1  | Noticed Aizul
 12724 | Snake:1  | Killed Aizul
 12727 | Snake:1  | Found a transporter.
 12729 | Snake:1  | Found a transporter.
 12817 | Snake:1  | Reached skill level 8 in Necromancy
 12886 | Snake:1  | Found a transporter.
 12888 | Snake:1  | Found a transporter.
 12895 | Snake:1  | Reached skill level 9 in Necromancy
 12897 | Snake:1  | Reached skill level 1 in Translocations
 12906 | Snake:1  | Reached skill level 2 in Translocations
 12936 | Snake:1  | Killed PanSaczeczos's ghost
 12978 | Snake:1  | Reached skill level 3 in Translocations
 12984 | Snake:1  | Learned a level 4 spell: Passage of Golubria
 13015 | Snake:1  | Found a shimmering altar of Xom.
 13051 | Snake:1  | Reached skill level 10 in Necromancy
 13214 | Snake:4  | Entered Level 4 of the Snake Pit
 13217 | Snake:4  | Noticed Louise
 13228 | Snake:4  | Killed Louise
 13231 | Snake:4  | Reached skill level 11 in Necromancy
 13353 | Snake:4  | Reached skill level 12 in Necromancy
 13356 | Snake:4  | Gained mutation: You passively map a large area around you.
                  | [Deep Dwarf growth]
 13356 | Snake:4  | Reached XP level 18. HP: 117/128 MP: 24/34
 13431 | Snake:4  | Reached skill level 13 in Necromancy
 13470 | Snake:4  | Reached skill level 14 in Necromancy
 13515 | Snake:4  | Reached skill level 15 in Necromancy
 13551 | Snake:4  | Got a serpentine rune of Zot
 13755 | Swamp:1  | Entered Level 1 of the Swamp
 13806 | Swamp:2  | Reached skill level 18 in Earth Magic
 13836 | Swamp:1  | Noticed a tentacled monstrosity
 13937 | Swamp:4  | Entered Level 4 of the Swamp
 14018 | Swamp:4  | Reached skill level 19 in Earth Magic
 14024 | Swamp:4  | Noticed the 27-headed Lernaean hydra
 14027 | Swamp:4  | Killed the 27-headed Lernaean hydra
 14048 | Swamp:4  | Reached XP level 19. HP: 132/134 MP: 35/35
 14091 | Swamp:4  | Got a decaying rune of Zot
 14359 | Slime:1  | Entered Level 1 of the Pits of Slime
 14364 | Slime:1  | Reached skill level 4 in Translocations
 14369 | Slime:1  | Reached skill level 5 in Translocations
 14432 | Slime:2  | Reached skill level 6 in Translocations
 14503 | Slime:3  | Reached skill level 7 in Translocations
 14900 | Slime:4  | Reached skill level 19 in Evocations
 15004 | Slime:3  | Gained mutation: You have large cloven feet. [a shining
                  | eye]
 15020 | Slime:5  | Entered Level 5 of the Pits of Slime
 15106 | Slime:4  | Reached skill level 20 in Evocations
 15182 | Slime:5  | Noticed Dissolution
 15190 | Slime:5  | Killed Dissolution
 15190 | Slime:5  | Reached skill level 10 in Armour
 15190 | Slime:5  | Reached skill level 12 in Dodging
 15233 | Slime:5  | Found a viscous altar of Jiyva.
 15235 | Slime:5  | Found the +3 warlock's mirror {reflect}
 15296 | Slime:5  | Noticed the Royal Jelly
 15313 | Slime:5  | Reached XP level 20. HP: 141/141 MP: 26/36
 15317 | Slime:5  | Killed the Royal Jelly
 15317 | Slime:5  | Reached skill level 11 in Armour
 15332 | Slime:5  | Got a slimy rune of Zot
 15335 | Slime:5  | Identified His Ahoiz's Reference Book on Fetching Darkness
 15343 | Slime:5  | Got a wavering emerald amulet
 15344 | Slime:5  | Identified the amulet of Darkness {Inacc Fragile MP+9
                  | Dex+7} (You found it on level 5 of the Pits of Slime)
 15369 | Slime:5  | Got a pitted jade amulet
 15386 | Slime:5  | Identified the amulet "Plog" {Spirit rElec MR+ Str+6} (You
                  | found it on level 5 of the Pits of Slime)
 15388 | Slime:5  | Got a warped pewter ring
 15388 | Slime:5  | Got a wavering jade ring
 15392 | Slime:5  | Identified the ring "Cyka" {*Tele rN+ MP+9 Int+8 Stlth-}
                  | (You found it on level 5 of the Pits of Slime)
 15394 | Slime:5  | Identified the ring "Ryarenuff" {rElec rN+ MR+ EV+4 Str-4}
                  | (You found it on level 5 of the Pits of Slime)
 15406 | Slime:5  | Identified Easy Magic
 15415 | Slime:5  | Got an encrusted chain mail
 15415 | Slime:5  | Got a transparent scale mail
 15426 | Slime:5  | Identified the +2 scale mail of Vuvuc {MR+ Str-4 SInv} (You
                  | found it on level 5 of the Pits of Slime)
 15436 | Slime:5  | Identified the +8 chain mail of the Gastropod {Int+7} (You
                  | found it on level 5 of the Pits of Slime)
 15496 | Slime:3  | Reached skill level 13 in Dodging
 15561 | Lair:6   | Learned a level 9 spell: Shatter
 15676 | D:10     | Bought a scroll of magic mapping for 35 gold pieces
 15676 | D:10     | Bought a scroll of enchant armour for 75 gold pieces
 15676 | D:10     | Bought a scroll of identify for 20 gold pieces
 15676 | D:10     | Bought a scroll of identify for 20 gold pieces
 15997 | D:12     | Learned a level 4 spell: Dispel Undead
 16243 | D:13     | Reached skill level 20 in Earth Magic
 16249 | D:13     | Found a gate to the Vaults.
 16266 | D:13     | Learned a level 6 spell: Statue Form
 16273 | Vaults:1 | Entered Level 1 of the Vaults
 16464 | Vaults:2 | Reached skill level 21 in Earth Magic
 16602 | Vaults:3 | Noticed Xtahua
 16615 | Vaults:3 | Killed Xtahua
 16626 | Vaults:3 | Reached skill level 22 in Earth Magic
 16672 | Vaults:4 | Noticed Donald
 16696 | Vaults:4 | Killed Donald
 16738 | Vaults:5 | Entered Level 5 of the Vaults
 16744 | Vaults:5 | Reached XP level 21. HP: 147/147 MP: 37/37
 16745 | Vaults:5 | Reached skill level 23 in Earth Magic
 16753 | Vaults:5 | Reached skill level 24 in Earth Magic
 16801 | Vaults:5 | Reached skill level 25 in Earth Magic
 16858 | Vaults:5 | Found the +8 whip "Snakebite" {curare, rPois}
 16864 | Vaults:5 | Identified the Disquisition on Damaging Lightness
 16903 | Vaults:5 | Noticed a golden dragon
 16917 | Vaults:5 | Killed a golden dragon
 16924 | Vaults:5 | Noticed a golden dragon
 16927 | Vaults:5 | Reached skill level 26 in Earth Magic
 16934 | Vaults:5 | Killed a golden dragon
 16938 | Vaults:5 | Reached XP level 22. HP: 116/154 MP: 3/38
 16942 | Vaults:5 | Noticed a golden dragon
 16950 | Vaults:5 | Killed a golden dragon
 16966 | Vaults:5 | Noticed a golden dragon
 16985 | Vaults:5 | Killed a golden dragon
 17094 | Vaults:5 | Identified the +9 plate armour "Put-Me-On" {rPois Str+4
                  | Stlth-}
 17101 | Vaults:5 | Reached skill level 27 in Earth Magic
 17104 | Vaults:5 | Reached skill level 2 in Invocations
 17119 | Vaults:5 | Got a silver rune of Zot
 17157 | Vaults:5 | Identified the ring "Sice" {Fire *Contam rN+++ Int-3 Dex+6}
 17163 | Vaults:5 | Reached skill level 3 in Invocations
 17176 | Vaults:5 | Identified the +7 leather armour of the Depths {rC- Regen+
                  | Str-2 Dex+4} (You found it on level 5 of the Vaults)
 17181 | Vaults:5 | Reached skill level 4 in Invocations
 17224 | Vaults:5 | Reached skill level 5 in Invocations
 17241 | Vaults:5 | Identified the +4 scale mail of Beogh's Supremacy {Harm
                  | rPois Dex-2 Stlth+} (You found it on level 5 of the Vaults)
 17242 | Vaults:5 | Lost mutation: You occasionally shout uncontrollably at
                  | your foes. [potion of mutation]
 17242 | Vaults:5 | Lost mutation: You have large cloven feet. [potion of
                  | mutation]
 17242 | Vaults:5 | Gained mutation: Scrolls take you a little longer to read.
                  | [potion of mutation]
 17242 | Vaults:5 | Gained mutation: You have large cloven feet. [potion of
                  | mutation]
 17242 | Vaults:5 | Gained mutation: You evolve. [potion of mutation]
 17242 | Vaults:5 | Gained mutation: You have a somewhat thin skeletal
                  | structure. (Dex +2, Stealth) [potion of mutation]
 17337 | Vaults:5 | Reached skill level 6 in Invocations
 17364 | Vaults:5 | Reached skill level 7 in Invocations
 17460 | Vaults:3 | Reached skill level 8 in Invocations
 17464 | Vaults:3 | Reached skill level 9 in Invocations
 17469 | Vaults:3 | Found a staircase to the Crypt.
 17482 | Crypt:1  | Entered Level 1 of the Crypt
 17489 | Crypt:1  | Noticed a greater mummy
 17497 | Crypt:1  | Noticed Khufu
 17497 | Crypt:1  | Noticed a greater mummy
 17501 | Crypt:1  | Killed a greater mummy
 17503 | Crypt:1  | Killed a greater mummy
 17505 | Crypt:1  | Reached skill level 13 in Spellcasting
 17506 | Crypt:1  | Killed Khufu
 17543 | Crypt:1  | You fall into a shaft and drop 1 floor!
 17579 | Crypt:2  | Reached skill level 14 in Spellcasting
 17772 | Crypt:2  | Found a magical portal.
 17796 | WizLab   | Entered The Chambers of the Cloud Mage
 17894 | WizLab   | Reached XP level 23. HP: 109/160 MP: 15/41
 17920 | WizLab   | Identified Umma's Papyrus of the Mutagenic Glacier
 17925 | WizLab   | Identified Sif Muna's Disquisition on the Birds
 17929 | WizLab   | Identified the cursed +1 ring mail "Kinn" {Rampage rN+
                  | rCorr Int+7} (You found it in a wizard's laboratory)
 18062 | Crypt:3  | Entered Level 3 of the Crypt
 18074 | Crypt:3  | Found a staircase to the Tomb.
 18104 | Crypt:3  | Identified the ring of the Tick {rN+ Str+4 Int+4}
 18105 | Crypt:3  | Identified the ring "Woimmaexo" {rN+ Str+7 Slay+2}
 18112 | Crypt:3  | Reached skill level 15 in Spellcasting
 18114 | Crypt:3  | Noticed an ancient lich
 18116 | Crypt:3  | Noticed an ancient lich
 18117 | Crypt:3  | Killed an ancient lich
 18118 | Crypt:3  | Killed an ancient lich
 18130 | Crypt:3  | Reached skill level 16 in Spellcasting
 18141 | Crypt:3  | Got a twisted scale mail
 18152 | Crypt:3  | Got a glimmering scimitar
 18152 | Crypt:3  | Identified the cursed +1 scimitar "Ofoleg" {vorpal, rF+ rN+
                  | Int-2 Dex+4} (You found it on level 3 of the Crypt)
 18250 | Crypt:3  | Identified the +1 scale mail of Pantheism {rElec rN+ Str-4
                  | SInv} (You found it on level 3 of the Crypt)
 18264 | Tomb:1   | Entered Level 1 of the Tomb of the Ancients
 18292 | Tomb:1   | Gained mutation: Your muscles are strong. (Str +2)
                  | [evolution]
 18306 | Tomb:1   | Noticed a greater mummy
 18307 | Tomb:1   | Noticed a greater mummy
 18308 | Tomb:1   | Noticed a greater mummy
 18308 | Tomb:1   | Noticed a greater mummy
 18313 | Tomb:1   | Killed a greater mummy
 18314 | Tomb:1   | Killed a greater mummy
 18315 | Tomb:1   | Killed a greater mummy
 18316 | Tomb:1   | Killed a greater mummy
 18318 | Tomb:1   | Noticed a greater mummy
 18321 | Tomb:1   | Noticed a greater mummy
 18322 | Tomb:1   | Noticed a greater mummy
 18322 | Tomb:1   | Noticed a greater mummy
 18324 | Tomb:1   | Killed a greater mummy
 18324 | Tomb:1   | Reached skill level 17 in Spellcasting
 18329 | Tomb:1   | Killed a greater mummy
 18331 | Tomb:1   | Killed a greater mummy
 18336 | Tomb:1   | Killed a greater mummy
 18382 | Tomb:2   | Noticed Boris
 18384 | Tomb:2   | Noticed a greater mummy
 18384 | Tomb:2   | Noticed a greater mummy
 18386 | Tomb:2   | Noticed a greater mummy
 18386 | Tomb:2   | Noticed a greater mummy
 18387 | Tomb:2   | Killed Boris
 18391 | Tomb:2   | Killed a greater mummy
 18391 | Tomb:2   | Reached XP level 24. HP: 140/168 MP: 19/44
 18393 | Tomb:2   | Killed a greater mummy
 18396 | Tomb:2   | Killed a greater mummy
 18396 | Tomb:2   | Reached skill level 18 in Spellcasting
 18396 | Tomb:2   | Killed a greater mummy
 18441 | Tomb:2   | Got a steaming scale mail
 18542 | Tomb:2   | HP: 26/168 [ancient champion/iron shot (64)]
 18548 | Tomb:2   | HP: 52/218 [skeletal warrior/+0 dire flail (8)]
 18600 | Tomb:3   | Entered Level 3 of the Tomb of the Ancients
 18609 | Tomb:3   | Noticed a greater mummy
 18609 | Tomb:3   | HP: 48/218 [death scarab (18)]
 18609 | Tomb:3   | Noticed a greater mummy
 18610 | Tomb:3   | Reached skill level 19 in Spellcasting
 18610 | Tomb:3   | Noticed a greater mummy
 18610 | Tomb:3   | Noticed a greater mummy
 18610 | Tomb:3   | Noticed a greater mummy
 18611 | Tomb:3   | Killed a greater mummy
 18611 | Tomb:3   | Noticed a greater mummy
 18612 | Tomb:3   | Noticed a greater mummy
 18613 | Tomb:3   | Killed a greater mummy
 18613 | Tomb:3   | Killed a greater mummy
 18613 | Tomb:3   | Reached skill level 20 in Spellcasting
 18614 | Tomb:3   | Killed a greater mummy
 18615 | Tomb:3   | Killed a greater mummy
 18616 | Tomb:3   | Killed a greater mummy
 18616 | Tomb:3   | Reached XP level 25. HP: 174/174 MP: 8/47
 18618 | Tomb:3   | Killed a greater mummy
 18625 | Tomb:3   | Got a golden rune of Zot
 18644 | Tomb:3   | Noticed a greater mummy
 18646 | Tomb:3   | Noticed a greater mummy
 18650 | Tomb:3   | Killed a greater mummy
 18658 | Tomb:3   | Killed a greater mummy
 18693 | Tomb:3   | Got a fine bone ring
 18695 | Tomb:3   | Identified the ring of Kytoh {rF+ MR+ MP+9} (You found it
                  | on level 3 of the Tomb of the Ancients)
 18740 | Tomb:3   | Identified the cursed +1 scale mail of Prudence {Regen+}
                  | (You found it on level 2 of the Tomb of the Ancients)
 18844 | Tomb:1   | HP: 32/174 [death scarab (19)]
 18845 | Tomb:1   | Reached skill level 21 in Spellcasting
 18906 | Tomb:1   | Got a pitted granite ring
 18908 | Tomb:1   | Identified the ring of Xetimivi {rPois rF+ Str+3} (You
                  | found it on level 1 of the Tomb of the Ancients)
 19216 | D:14     | Noticed Azrael
 19227 | D:14     | Killed Azrael
 19321 | D:15     | Entered Level 15 of the Dungeon
 19322 | D:15     | Found Iskops's Magic Scroll Shop.
 19343 | D:15     | Found a staircase to the Depths.
 19359 | Depths:1 | Entered Level 1 of the Depths
 19394 | Depths:1 | Found a one-way gate leading to the halls of Pandemonium.
 19406 | Depths:1 | Found a gateway to a ziggurat.
 19408 | Depths:1 | Reached skill level 22 in Spellcasting
 19421 | Zig:1    | Entered Level 1 of a ziggurat
 19421 | Zig:1    | Identified a scroll of acquirement
 19430 | Zig:1    | Acquired the ring of Zapn {rElec rC+ Int+6 Dex+2}
 19441 | Zig:2    | Entered Level 2 of a ziggurat
 19452 | Zig:2    | Acquired a book of Annihilations
 19455 | Zig:3    | Entered Level 3 of a ziggurat
 19467 | Zig:4    | Entered Level 4 of a ziggurat
 19475 | Zig:4    | Reached skill level 1 in Fighting
 19482 | Zig:5    | Entered Level 5 of a ziggurat
 19484 | Zig:5    | Noticed a shard shrike
 19488 | Zig:5    | Killed a shard shrike
 19488 | Zig:5    | Reached skill level 2 in Fighting
 19497 | Zig:5    | Identified the +6 falchion of Temperance {flame, rElec rF+
                  | Int+7 Dex-5} (You found it on level 5 of a ziggurat)
 19504 | Zig:6    | Entered Level 6 of a ziggurat
 19506 | Zig:6    | Noticed a Killer Klown
 19506 | Zig:6    | Noticed a Killer Klown
 19506 | Zig:6    | Noticed a Killer Klown
 19508 | Zig:6    | Killed a Killer Klown
 19508 | Zig:6    | Killed a Killer Klown
 19508 | Zig:6    | Reached skill level 3 in Fighting
 19510 | Zig:6    | Killed a Killer Klown
 19517 | Zig:7    | Entered Level 7 of a ziggurat
 19523 | Zig:7    | Reached skill level 4 in Fighting
 19532 | Zig:7    | Identified Sif Muna's Compendium of the Sinister Birds
 19536 | Zig:8    | Entered Level 8 of a ziggurat
 19557 | Zig:8    | Identified the Compendium of Supportive Beguiling
 19561 | Zig:8    | Identified the +1 leather armour of Makhleb's Regard {rPois
                  | Dex+7 Slay+3} (You found it on level 8 of a ziggurat)
 19565 | Zig:9    | Entered Level 9 of a ziggurat
 19576 | Zig:9    | Reached skill level 5 in Fighting
 19576 | Zig:9    | Reached XP level 26. HP: 197/201 MP: 39/49
 19581 | Zig:9    | Got a crude kite shield
 19592 | Zig:9    | Identified the +0 kite shield of Wu Jian's Approval
                  | {Rampage rPois Dex-4} (You found it on level 9 of a
                  | ziggurat)
 19616 | Zig:9    | Reached XP level 27. HP: 208/208 MP: 49/49
 19621 | Zig:10   | Entered Level 10 of a ziggurat
 19626 | Zig:10   | Reached skill level 6 in Fighting
 19638 | Zig:10   | Lost mutation: Scrolls take you a little longer to read.
                  | [potion of mutation]
 19638 | Zig:10   | Lost mutation: Your muscles are strong. (Str +2) [potion of
                  | mutation]
 19638 | Zig:10   | Lost mutation: You have large cloven feet. [potion of
                  | mutation]
 19638 | Zig:10   | Gained mutation: Your spells are a little harder to cast,
                  | but a little more powerful. [potion of mutation]
 19638 | Zig:10   | Gained mutation: You are robust. (+10% HP) [potion of
                  | mutation]
 19644 | Zig:11   | Entered Level 11 of a ziggurat
 19661 | Zig:11   | Reached skill level 7 in Fighting
 19688 | Zig:12   | Entered Level 12 of a ziggurat
 19705 | Zig:12   | Found the +8 glaive of the Guard {elec, +Rage AC+5 SInv}
 19712 | Zig:12   | Identified Sif Muna's Incunabulum of Transformation and
                  | Necromancy
 19715 | Zig:12   | Identified the +2 buckler of Keuc {-Cast Str+5} (You found
                  | it on level 12 of a ziggurat)
 19726 | Zig:12   | Learned a level 8 spell: Lehudib's Crystal Spear
 19731 | Zig:12   | Reached skill level 23 in Spellcasting
 19733 | Zig:13   | Entered Level 13 of a ziggurat
 19742 | Zig:13   | Noticed a pearl dragon
 19742 | Zig:13   | Noticed a pearl dragon
 19742 | Zig:13   | Noticed a pearl dragon
 19746 | Zig:13   | Reached skill level 8 in Fighting
 19746 | Zig:13   | Reached skill level 3 in Conjurations
 19748 | Zig:13   | Killed a pearl dragon
 19748 | Zig:13   | Reached skill level 4 in Conjurations
 19750 | Zig:13   | Killed a pearl dragon
 19750 | Zig:13   | Reached skill level 9 in Fighting
 19752 | Zig:13   | Killed a pearl dragon
 19755 | Zig:13   | Reached skill level 5 in Conjurations
 19756 | Zig:13   | Identified the Handbook of Black Magic and Enchantment
 19778 | Zig:14   | Entered Level 14 of a ziggurat
 19784 | Zig:14   | Noticed Plog the pandemonium lord
 19784 | Zig:14   | Noticed Gaemaon the pandemonium lord
 19786 | Zig:14   | Noticed Ocvoelyxie the pandemonium lord
 19788 | Zig:14   | Noticed Juuchaob the pandemonium lord
 19789 | Zig:14   | Noticed Ecenwocae the pandemonium lord
 19790 | Zig:14   | Noticed Bycela the pandemonium lord
 19793 | Zig:14   | Killed Ecenwocae the pandemonium lord
 19794 | Zig:14   | Noticed Macs the pandemonium lord
 19794 | Zig:14   | Reached skill level 21 in Evocations
 19797 | Zig:14   | HP: 52/246 [Plog the pandemonium lord/great blast of fire
                  | (45)]
 19797 | Zig:14   | Killed Ocvoelyxie the pandemonium lord
 19801 | Zig:14   | HP: 23/246 [Plog the pandemonium lord/great blast of fire
                  | (21)]
 19803 | Zig:14   | Killed Gaemaon the pandemonium lord
 19804 | Zig:14   | Killed Plog the pandemonium lord
 19804 | Zig:14   | Killed Macs the pandemonium lord
 19804 | Zig:14   | Killed Bycela the pandemonium lord
 19807 | Zig:14   | Irenicus: phew
 19808 | Zig:14   | Killed Juuchaob the pandemonium lord
 19829 | Zig:14   | Got a pair of polished boots
 19834 | Zig:14   | Got a scorched ring mail
 19845 | Zig:14   | Identified the +1 pair of boots of the Catamount {rPois rF-
                  | Dex+3} (You found it on level 14 of a ziggurat)
 19856 | Zig:14   | Identified the cursed +0 ring mail "Hosiwet" {rC+} (You
                  | found it on level 14 of a ziggurat)
 19874 | Zig:15   | Entered Level 15 of a ziggurat
 19880 | Zig:15   | Noticed a juggernaut
 19883 | Zig:15   | Noticed a juggernaut
 19888 | Zig:15   | Reached skill level 22 in Evocations
 19888 | Zig:15   | Killed a juggernaut
 19890 | Zig:15   | Killed a juggernaut
 19910 | Zig:16   | Entered Level 16 of a ziggurat
 19917 | Zig:16   | Noticed a juggernaut
 19918 | Zig:16   | Found the +7 lajatang of Order {silver, rMut}
 19920 | Zig:16   | Reached skill level 23 in Evocations
 19921 | Zig:16   | Killed a juggernaut
 19945 | Zig:16   | Reached skill level 24 in Evocations
 19947 | Zig:16   | Reached skill level 25 in Evocations
 19949 | Zig:16   | Got an ancient pewter ring
 19949 | Zig:16   | Identified the ring "Fyxiafigu" {Ice *Slow Dex+9 Stlth+}
                  | (You found it on level 16 of a ziggurat)
 19953 | Zig:16   | Got an ebony scimitar
 19953 | Zig:16   | Identified the +9 scimitar of the Pit {speed, rC- Int+5}
                  | (You found it on level 16 of a ziggurat)
 19965 | Zig:17   | Entered Level 17 of a ziggurat
 19975 | Zig:17   | Noticed an ancient lich
 19976 | Zig:17   | Killed an ancient lich
 19977 | Zig:17   | Reached skill level 26 in Evocations
 20006 | Zig:17   | Identified a +2 pair of boots of running (You found it on
                  | level 17 of a ziggurat)
 20017 | Zig:17   | Reached skill level 12 in Armour
 20017 | Zig:17   | Reached skill level 27 in Evocations
 20018 | Zig:17   | Got a heavily runed sapphire amulet
 20028 | Zig:17   | Got a tiger eye-encrusted scale mail
 20038 | Zig:17   | Identified the +2 scale mail of Serendipity {*Contam Harm
                  | rElec rPois} (You found it on level 17 of a ziggurat)
 20038 | Zig:17   | Got a translucent chain mail
 20048 | Zig:17   | Identified the +10 chain mail of Gluttony {rElec rCorr
                  | Dex+4} (You found it on level 17 of a ziggurat)
 20065 | Zig:18   | Entered Level 18 of a ziggurat
 20076 | Zig:18   | Reached skill level 13 in Armour
 20077 | Zig:18   | Reached skill level 14 in Dodging
 20094 | Zig:18   | Got a scorched steel ring
 20094 | Zig:18   | Identified the ring of Midnight {*Drain Str+6 Int+4 Dex+2}
                  | (You found it on level 18 of a ziggurat)
 20102 | Zig:19   | Entered Level 19 of a ziggurat
 20118 | Zig:19   | Reached skill level 14 in Armour
 20120 | Zig:19   | Reached skill level 15 in Dodging
 20144 | Zig:19   | Got a glittering bone ring
 20144 | Zig:19   | Identified the ring of Alyujod {rC+ Int+6 Dex+4 SInv} (You
                  | found it on level 19 of a ziggurat)
 20149 | Zig:19   | Acquired a manual of Spellcasting
 20154 | Zig:20   | Entered Level 20 of a ziggurat
 20168 | Zig:20   | Reached skill level 24 in Spellcasting
 20179 | Zig:20   | Found the +10 morningstar "Eos" {elec, Halo rElec}
 20198 | Zig:20   | Got an ebony fustibalus
 20202 | Zig:21   | Entered Level 21 of a ziggurat
 20210 | Zig:21   | Noticed a greater mummy
 20210 | Zig:21   | Noticed a greater mummy
 20210 | Zig:21   | Noticed a greater mummy
 20210 | Zig:21   | Noticed a greater mummy
 20212 | Zig:21   | Noticed a greater mummy
 20213 | Zig:21   | Noticed a greater mummy
 20213 | Zig:21   | Noticed a greater mummy
 20214 | Zig:21   | Killed a greater mummy
 20214 | Zig:21   | Killed a greater mummy
 20215 | Zig:21   | Killed a greater mummy
 20215 | Zig:21   | Killed a greater mummy
 20215 | Zig:21   | Reached skill level 25 in Spellcasting
 20215 | Zig:21   | Killed a greater mummy
 20216 | Zig:21   | Killed a greater mummy
 20216 | Zig:21   | Killed a greater mummy
 20217 | Zig:21   | Noticed a greater mummy
 20219 | Zig:21   | Noticed a greater mummy
 20220 | Zig:21   | Killed a greater mummy
 20220 | Zig:21   | Noticed a greater mummy
 20223 | Zig:21   | Killed a greater mummy
 20230 | Zig:21   | Killed a greater mummy
 20250 | Zig:21   | Identified Ycwouxom's Papyrus of Conjuration
 20255 | Zig:21   | Got fine swamp dragon scales
 20265 | Zig:21   | Identified the +5 swamp dragon scales "Ottear" {rPois rF-
                  | MR++} (You found it on level 21 of a ziggurat)
 20276 | Zig:21   | Acquired a book of the Sky
 20291 | Zig:22   | Entered Level 22 of a ziggurat
 20311 | Zig:22   | Reached skill level 26 in Spellcasting
 20342 | Zig:22   | Identified the amulet "Vusat" {Faith rElec rC- Dex+2} (You
                  | found it on level 17 of a ziggurat)
 20347 | Zig:22   | Identified Axosuerghucs's Volume of Weightlessness
 20359 | Zig:22   | Got a steaming ruby amulet
 20359 | Zig:22   | Got a glittering lead ring
 20359 | Zig:22   | Got a twitching iron ring
 20365 | Zig:22   | Identified the amulet of Gepoits {MR+ Regen+} (You found it
                  | on level 22 of a ziggurat)
 20377 | Zig:22   | Identified the ring of Bawuninue {*Tele Str+2 Int+4 Dex+4}
                  | (You found it on level 22 of a ziggurat)
 20380 | Zig:22   | Identified the ring "Trusted Companion" {Wiz Int+2} (You
                  | found it on level 22 of a ziggurat)
 20390 | Zig:23   | Entered Level 23 of a ziggurat
 20413 | Zig:23   | Reached skill level 27 in Spellcasting
 20433 | Zig:23   | Identified the +2 chain mail of Music {MR+ Str-3 Int+3}
                  | (You found it on level 23 of a ziggurat)
 20437 | Zig:24   | Entered Level 24 of a ziggurat
 20451 | Zig:24   | Found the +10 zealot's sword {holy, *Rage rN+ EV+3}
 20452 | Zig:24   | Reached skill level 8 in Stealth
 20453 | Zig:24   | Reached skill level 9 in Stealth
 20454 | Zig:24   | Reached skill level 10 in Stealth
 20454 | Zig:24   | Reached skill level 11 in Stealth
 20455 | Zig:24   | Reached skill level 12 in Stealth
 20457 | Zig:24   | Reached skill level 13 in Stealth
 20472 | Zig:24   | Reached skill level 14 in Stealth
 20473 | Zig:24   | Got a jasper-encrusted troll leather armour {regen}
 20483 | Zig:24   | Identified the +1 troll leather armour of the Undertaker
                  | {Regen+ Str+4, regen} (You found it on level 24 of a
                  | ziggurat)
 20489 | Zig:24   | Got a faintly glowing crystal plate armour
 20499 | Zig:24   | Got a warped quick blade
 20502 | Zig:25   | Entered Level 25 of a ziggurat
 20519 | Zig:25   | Reached skill level 15 in Stealth
 20519 | Zig:25   | Reached skill level 16 in Stealth
 20527 | Zig:25   | Reached skill level 17 in Stealth
 20565 | Zig:25   | Reached skill level 15 in Armour
 20566 | Zig:25   | Reached skill level 16 in Armour
 20567 | Zig:25   | Got a twisted cloak
 20577 | Zig:25   | Identified the cursed -1 cloak of Adag {rN+ MP+9 Slay+3}
                  | (You found it on level 25 of a ziggurat)
 20580 | Zig:25   | Got a scorched copper ring
 20580 | Zig:25   | Identified the ring of Vampiric Thralls {+Fly rElec Dex-3
                  | Slay+5 Stlth+} (You found it on level 25 of a ziggurat)
 20585 | Zig:25   | Identified the cursed +3 quick blade of Skirmishing {pain,
                  | +Fly rElec MR+ SInv} (You found it on level 24 of a
                  | ziggurat)
 20631 | Zig:26   | Entered Level 26 of a ziggurat
 20649 | Zig:26   | Noticed an ancient lich
 20651 | Zig:26   | Reached skill level 17 in Armour
 20654 | Zig:26   | Killed an ancient lich
 20654 | Zig:26   | Reached skill level 16 in Dodging
 20657 | Zig:26   | Noticed an ancient lich
 20660 | Zig:26   | Noticed an ancient lich
 20660 | Zig:26   | Killed an ancient lich
 20661 | Zig:26   | Killed an ancient lich
 20661 | Zig:26   | Reached skill level 18 in Armour
 20661 | Zig:26   | Reached skill level 17 in Dodging
 20684 | Zig:26   | Identified the +1 crystal plate armour of the Swan {Stlth+}
                  | (You found it on level 24 of a ziggurat)
 20689 | Zig:26   | Identified the Collected Works on Conjuration and Hexes
 20693 | Zig:26   | Identified the +2 robe of Tulips {rCorr Int+2} (You found
                  | it on level 26 of a ziggurat)
 20704 | Zig:27   | Entered Level 27 of a ziggurat
 20721 | Zig:27   | Noticed an ancient lich
 20721 | Zig:27   | Noticed an ancient lich
 20721 | Zig:27   | Noticed an ancient lich
 20723 | Zig:27   | Noticed an ancient lich
 20724 | Zig:27   | Noticed an ancient lich
 20724 | Zig:27   | Noticed an ancient lich
 20726 | Zig:27   | Noticed an ancient lich
 20727 | Zig:27   | Killed an ancient lich
 20730 | Zig:27   | Killed an ancient lich
 20730 | Zig:27   | Killed an ancient lich
 20730 | Zig:27   | Reached skill level 18 in Dodging
 20730 | Zig:27   | Killed an ancient lich
 20730 | Zig:27   | Reached skill level 19 in Armour
 20730 | Zig:27   | Killed an ancient lich
 20730 | Zig:27   | Killed an ancient lich
 20730 | Zig:27   | Killed an ancient lich
 20733 | Zig:27   | Reached skill level 19 in Dodging
 20738 | Zig:27   | Reached skill level 20 in Armour
 20755 | Zig:27   | Found the +7 great mace "Undeadhunter" {disrupt, rN+}
 20756 | Zig:27   | No orb of fire in the whole Zig, lucky
 20762 | Zig:27   | Identified the Tome of the Oath and Shape Shifting
 20766 | Zig:27   | Identified the +2 helmet of the Dwarven Hall {Harm rF++ MR-
                  | MP-9} (You found it on level 27 of a ziggurat)
 20767 | Zig:27   | Identified the ring of Guwk {MR+ rCorr} (You found it on
                  | level 27 of a ziggurat)
 20768 | Zig:27   | Identified the +5 pair of boots of Imyfykoim {+Fly rF+}
                  | (You found it on level 27 of a ziggurat)
 20805 | Pan      | Entered the realm of Cerebov.
 20805 | Pan      | Entered Pandemonium
 20868 | Pan      | Reached skill level 20 in Dodging
 20872 | Pan      | Identified the +6 sword of Cerebov {flame}
 20872 | Pan      | Noticed Cerebov
 20887 | Pan      | Killed Cerebov
 20887 | Pan      | Reached skill level 21 in Armour
 20912 | Pan      | Identified the Grimoire of Beguiling
 20913 | Pan      | Identified the Grimoire of Clay
 20965 | Pan      | Got a fiery rune of Zot
 20992 | Pan      | Got a brightly glowing glass ring
 20992 | Pan      | Identified the ring of Hutompeu {rF- rC+++ Str+2 SInv
                  | Stlth+} (You found it in Pandemonium)
 20994 | Pan      | Got a transparent tin ring
 20994 | Pan      | Identified the ring "Onithinu" {+Inv rF- MR- Int+6 SInv}
                  | (You found it in Pandemonium)
 21010 | Pan      | Identified the Tome of the Bouncing Artisans
 21113 | Pan      | Noticed Julobot the pandemonium lord
 21127 | Pan      | Killed Julobot the pandemonium lord
 21161 | Pan      | Found a runed translucent door.
 21173 | Pan      | Reached skill level 21 in Dodging
 21176 | Pan      | Got a demonic rune of Zot
 21377 | Pan      | Noticed Totament the pandemonium lord
 21382 | Pan      | Reached skill level 22 in Armour
 21384 | Pan      | Killed Totament the pandemonium lord
 21445 | Pan      | Gained mutation: You are agile. (Dex +2) [evolution]
 21459 | Pan      | Noticed Ruoqofok the pandemonium lord
 21472 | Pan      | Killed Ruoqofok the pandemonium lord
 21632 | Pan      | Noticed Pienuu the pandemonium lord
 21637 | Pan      | Killed Pienuu the pandemonium lord
 21653 | Pan      | Reached skill level 22 in Dodging
 21695 | Pan      | Noticed Laopek the pandemonium lord
 21709 | Pan      | Killed Laopek the pandemonium lord
 21792 | Pan      | Reached skill level 23 in Armour
 21897 | Pan      | Lost mutation: You are agile. (Dex +2) [a cacodemon]
 21963 | Pan      | Found an exit through the horrors of the Abyss.
 21975 | Pan      | Noticed Fuik the pandemonium lord
 21996 | Pan      | Killed Fuik the pandemonium lord
 21996 | Pan      | Reached skill level 23 in Dodging
 22065 | Pan      | Entered the realm of Mnoleg.
 22103 | Pan      | Lost mutation: You are robust. (+10% HP) [a neqoxec]
 22108 | Pan      | Gained mutation: Your movements are slightly less
                  | encumbered by armour. (ER -2) [a cacodemon]
 22112 | Pan      | Gained mutation: Your spells are harder to cast, but more
                  | powerful. [a cacodemon]
 22133 | Pan      | Gained mutation: You are weak. (Str -2) [a cacodemon]
 22142 | Pan      | Noticed Mnoleg
 22143 | Pan      | Paralysed by a floating eye for 3 turns
 22151 | Pan      | Paralysed by a floating eye for 4 turns
 22151 | Pan      | Gained mutation: Armour fits poorly on your strangely
                  | shaped body. [a shining eye]
 22153 | Pan      | Reached skill level 24 in Armour
 22154 | Pan      | Killed Mnoleg
 22166 | Pan      | Gained mutation: Potions are less effective at restoring
                  | your health. [a cacodemon]
 22167 | Pan      | Gained mutation: You are partially covered in molten
                  | scales. (AC +2) [a cacodemon]
 22209 | Pan      | Got a glowing rune of Zot
 22294 | Pan      | Entered the realm of Lom Lobon.
 22306 | Pan      | Noticed Lom Lobon
 22352 | Pan      | Reached skill level 24 in Dodging
 22365 | Pan      | Killed Lom Lobon
 22369 | Pan      | Almost instantly died vs Lom Lobon, sent flying in water
 22378 | Pan      | Got a magical rune of Zot
 22503 | Pan      | Entered the realm of Gloorx Vloq.
 22542 | Pan      | Got a dark rune of Zot
 22544 | Pan      | Reached skill level 25 in Armour
 22547 | Pan      | Noticed Gloorx Vloq
 22573 | Pan      | HP: 45/223 [??? (18)]
 22576 | Pan      | Killed Gloorx Vloq
 22710 | Pan      | Acquired 1239 gold pieces
 22876 | Pan      | Found an exit through the horrors of the Abyss.
 22889 | Pan      | Took an exit into the Abyss.
 22889 | Abyss:1  | Escaped into the Abyss
 22889 | Abyss:1  | Found a corrupted altar of Lugonu.
 22904 | Abyss:1  | Found a broken altar of Ashenzari.
 22978 | Abyss:3  | Reached skill level 25 in Dodging
 22978 | Abyss:3  | Found a transporter.
 22980 | Abyss:3  | Got an abyssal rune of Zot
 22987 | Depths:1 | Escaped the Abyss
 23034 | Depths:2 | Got a pitted amethyst amulet
 23035 | Depths:2 | Identified the amulet "Jekli" {Acrobat rPois rF- rN+++
                  | Str-4} (You found it on level 2 of the Depths)
 23071 | Depths:2 | Found a one-way gate to the infinite horrors of the Abyss.
 23104 | Depths:2 | Reached skill level 26 in Armour
 23159 | Depths:3 | Noticed Boris
 23162 | Depths:3 | Noticed a juggernaut
 23165 | Depths:3 | Killed Boris
 23168 | Depths:3 | Killed a juggernaut
 23173 | Depths:3 | Found a gateway to Hell.
 23183 | Hell     | Entered the Vestibule of Hell
 23183 | Hell     | Noticed Geryon
 23208 | Hell     | Noticed Murray
 23209 | Hell     | Killed Murray
 23212 | Hell     | Reached skill level 26 in Dodging
 23217 | Hell     | Killed Geryon
 23236 | Hell     | Found a gateway to the Iron City of Dis.
 23242 | Dis:1    | Entered Level 1 of the Iron City of Dis
 23242 | Dis:1    | Found a gateway to Hell.
 23284 | Dis:1    | You fall into a shaft and drop 1 floor!
 23288 | Dis:2    | Found a gateway to Hell.
 23320 | Dis:2    | Found a gateway to Hell.
 23333 | Dis:2    | Found a gateway to Hell.
 23370 | Dis:3    | Found a gateway to Hell.
 23379 | Dis:4    | Found a gateway to Hell.
 23399 | Dis:4    | Found a gateway to Hell.
 23432 | Dis:5    | Found a gateway to Hell.
 23474 | Dis:7    | Entered Level 7 of the Iron City of Dis
 23474 | Dis:7    | Found a gateway to Hell.
 23474 | Dis:7    | Found a gateway to Hell.
 23492 | Dis:7    | Reached skill level 27 in Armour
 23502 | Dis:7    | Reached skill level 27 in Dodging
 23502 | Dis:7    | Noticed the Serpent of Hell
 23513 | Dis:7    | Reached skill level 10 in Fighting
 23515 | Dis:7    | Killed the Serpent of Hell
 23536 | Dis:7    | Reached skill level 16 in Shields
 23542 | Dis:7    | Reached skill level 11 in Fighting
 23571 | Dis:7    | Found a gateway to Hell.
 23576 | Dis:7    | Found a gateway to Hell.
 23584 | Dis:7    | Reached skill level 17 in Shields
 23621 | Dis:7    | Reached skill level 12 in Fighting
 23710 | Dis:7    | Identified the +4 staff of Dispater
 23710 | Dis:7    | Noticed Dispater
 23719 | Dis:7    | Killed Dispater
 23720 | Dis:7    | Irenicus: ?? dispater
 23720 | Dis:7    | beem: dispater[1/2]: Lord of Dis (duh), and guardian of the
                  | iron rune. Has summon greater demon, crystal spear, iron
                  | shot, damnation, and lots of AC to back it up. Drops his
                  | {staff of Dispater} if killed.
 23720 | Dis:7    | Irenicus: ?? staff of dispater
 23720 | Dis:7    | beem: staff of dispater[1/2]: +4 golden staff. E(v)oke for
                  | 100 hunger, -(5-23) hp, -(2-6) mp, Hellfire (damage =
                  | 3d(8/3 + 8*evo/5)). The evocation HP cost can't kill you,
                  | directly (but the hellfire can!).
 23722 | Dis:7    | Identified the ring of Beogh's Wrath {rC- rCorr Int+5}
 23725 | Dis:7    | Got an iron rune of Zot
 23739 | Dis:7    | Identified the amulet of Zybo {Regen+ Dex+2} (You found it
                  | on level 7 of the Iron City of Dis)
 23854 | Hell     | Found a gateway to the ashen valley of Gehenna.
 23866 | Geh:1    | Entered Level 1 of Gehenna
 23866 | Geh:1    | Found a gateway to Hell.
 23872 | Geh:1    | Reached skill level 18 in Shields
 23928 | Geh:2    | Found a gateway to Hell.
 23943 | Geh:2    | Found a gateway to Hell.
 23998 | Geh:2    | Found a gateway to Hell.
 24013 | Geh:2    | Found a gateway to Hell.
 24015 | Geh:3    | Found a gateway to Hell.
 24015 | Geh:3    | Found a gateway to Hell.
 24027 | Geh:4    | Found a gateway to Hell.
 24067 | Geh:4    | Found a gateway to Hell.
 24068 | Geh:4    | Reached skill level 16 in Necromancy
 24071 | Geh:4    | Found a gateway to Hell.
 24095 | Geh:6    | Found a gateway to Hell.
 24099 | Geh:7    | Entered Level 7 of Gehenna
 24099 | Geh:7    | Found a gateway to Hell.
 24099 | Geh:7    | Found a gateway to Hell.
 24099 | Geh:7    | Found a gateway to Hell.
 24113 | Geh:7    | Lost mutation: Your movements are slightly less encumbered
                  | by armour. (ER -2) [potion of mutation]
 24113 | Geh:7    | Lost mutation: Your spells are harder to cast, but more
                  | powerful. [potion of mutation]
 24113 | Geh:7    | Lost mutation: You are weak. (Str -2) [potion of mutation]
 24113 | Geh:7    | Gained mutation: You possess an exceptional clarity of
                  | mind. [potion of mutation]
 24113 | Geh:7    | Gained mutation: You are clumsy. (Dex -2) [potion of
                  | mutation]
 24113 | Geh:7    | Gained mutation: You are partially covered in yellow
                  | scales. (AC +2) [potion of mutation]
 24189 | Geh:7    | HP: 26/238 [balrug/bolt of fire (11)]
 24189 | Geh:7    | Killed from afar by a hellion

Illustrated notes * #.# * #># #.# * #.# * * #.# ,,, #.# # * * #############.# #.............# #@############# * #.# #.# #.# * #.# , #.# #.# * #.# , Turn 964 on D:2: D2 : ring of magical power #.# #.##.#########.# #.# #.##...........# ##### #.# #.############## .....# #####.# #.# ...... ,.....# #.# ####.# **#..###.# #.## #......# ...# #.####.# ####.####.# #@# #.......#.# #.# #.<.....#.# #.# * * ###.......#.# #.# , ....<.......# #.# ** ##.......### #.# * # #.......# #.# * # #.......# #.# # ####.#### * Turn 3038 on D:7: Makhleb on D7 ######+* #.....<..# #...... * #........# #...... , +).......# #...... *#........' * ..... + * #........# , .zZ ** #........# * *#z## ######'### #..# #.# ##@# ##.# ######'### #..# #........# #######'## #........###....$...# #........#.'..).....### #........#.#........'.. #........'.#........### #.......∩###........# #........# #....<...# Turn 8339 on D:11: magic regen D11 ##...#.#..#..................# ##.#..........#....##.....#..## ###............................# #.##..........................## ...###............>............# ...##.....................<#....# ...........................###.## .#...)......#.............## ## *##.##..........@.....#...# #####..................## #..................## ##.#.............#.## ####......#........# ###........#....# #.......###...## ##.##..###.#..#* ##*#####......# Turn 8586 on Orc:1: ... it wasn't a magic rege I bought but acrobat ,....P.......... ..................▓ .............)........▓▓ .......)....)..........▓ .......)...............▓ ....).†.....))....)[?)|▓ ......).....†)....)=![[▓ ............).)...?$?∩}▓* .....†......))..@.)?)|): ....†..)()).))....}?}∩"▓ .....^..)..().†)..)$)[[▓ .......†.).)..†....)[[)▓ ..........[............▓ ...........).†.........▓ ......................▓▓ ......................▓ .....................▓▓ Turn 20756 on Zig:27: No orb of fire in the whole Zig, lucky

≈≈#≈≈≈##..#≈≈≈ #.# ≈ ≈#' ≈≈
≈ ≈≈#≈≈≈≈.##.≈≈≈##...≈≈≈.#
≈
≈≈.#≈≈≈≈≈≈≈.≈#....#.≈.≈≈≈≈≈
≈≈
.≈≈..≈≈≈≈≈≈≈.........≈≈≈≈≈
* ≈ ,
..≈≈#.≈≈≈≈≈#§§§......#≈≈≈
** ≈
...≈≈.#≈≈≈............#≈≈
#......####.§§....°....## *
,*
......#......)☼○...§..... ,
,
......####.)...☼@○)...##**
, ...≈≈#.≈≈≈..(.§°..§§..#
≈* ≈ , ,
..≈≈##≈≈≈≈≈#).....≈..#≈≈≈ ≈
* .≈≈##≈≈≈≈≈≈≈..°......≈≈≈≈
≈≈ ≈
≈≈.#≈≈≈≈≈≈≈.≈#....##≈.≈≈≈ ≈
≈≈#≈≈≈≈###.≈≈≈##.## ≈≈.##
≈≈ ≈≈#≈≈≈ +#≈≈≈§#.#≈ ≈... ≈
* ≈ ≈≈#≈≈≈#, #≈≈≈§#.#≈ ≈#..
*≈ ≈≈##≈≈# #≈≈≈≈# ,


Turn 22369 on Pan: Almost instantly died vs Lom Lobon, sent flying in water

Levels and vault maps discovered:
D:1:      saegor_arrival_simple_e, layout_basic, minmay_pentomino_w4
D:2:      layout_basic
D:3:      minmay_bubble_buster, layout_rooms, grunt_decor_clamped,
          serial_bayou_lagoon_b
D:4:      layout_rooms, nemelex_xobeh_ov_fountains_minmay,
          minmay_temple_entry_statues_fountains, serial_shops, shop_fountains,
          minivault_19
D:5:      layout_rooms, portal_sewer_entry_d
D:6:      layout_rooms, nicolae_tso_carved_into_rock
D:7:      layout_loops_ring, makhleb_heckhound_becter,
          biasface_ghost_orc_armoury, uniq_prince_ribbit1
D:8:      layout_rooms, chequers_temple_overflow_statue_of_worship,
          enter_bailey_3, gammafunk_ghost_wrathful_warriors, uniq_pikel
D:9:      layout_rooms
D:10:     layout_cave_pools, david_lair_generic, serial_shops,
          nicolae_shop_trees, uniq_maggie
D:11:     layout_roguey [special_room_orc], orc_0_dummy, serial_shops, shop,
          uniq_josephine
D:12:     layout_irregular_city, minivault_7
D:13:     layout_roguey, skrybe_vaults_entry_preservation, enter_trove_1
D:14:     minmay_the_grid_octo_tiled_octocenter_mashed
          [minmay_the_grid_octo_concentric, minmay_the_grid_octo_clover_2,
          minmay_the_grid_octo_pinwheel, minmay_the_grid_octo_horde,
          minmay_the_grid_octo_prize_big_c,
          minmay_the_grid_square_5x5_two_walls_a,
          minmay_the_grid_square_5x5_eight,
          minmay_the_grid_square_5x5_half_checkered,
          minmay_the_grid_square_5x5_two_small], layout_long_grid, uniq_azrael
D:15:     grunt_enter_depths_giant_problem, layout_cave_pools,
          grunt_dithmenos_smoke, serial_shops, shop, nicolae_lava_and_water,
          minivault_25
Temple:   eino_narrow_crystal_temple
Lair:1:   layout_loops_ring, ebering_ghost_rock_garden, st_stairs_12,
          grunt_megastairs_3, uniq_joseph
Lair:2:   layout_cave_pods, grunt_megastairs_1
Lair:3:   layout_regular_city, minmay_swamp_entry_worms,
          minmay_snake_entry_six_corridors, uniq_sonja
Lair:4:   layout_gridlike, gammafunk_ghost_necromancy, portal_ice_cave_rime,
          grunt_megastairs_5
Lair:5:   layout_gridlike, eino_small_chamber_without_monster,
          serial_bayou_pond_e, chequers_serial_rivers_large_b
Lair:6:   minmay_lair_end_frog_pond, layout_big_grid, slime_altar_2,
          gauntlet_entry_generic, chequers_serial_rivers_room_b,
          chequers_serial_rivers_small_b
Swamp:1:  cheibrodos_swamp_monstrosity, layout_basic_swamp,
          evilmike_swamp_ruin_house_5, swamp_pool3, hangedman_swamp_wriggling
Swamp:2:  layout_falls_marsh, nicolae_swamp_round_clearing, swamp_pool1,
          infiniplex_staircase_pool
Swamp:3:  layout_basic_swamp, evilmike_swamp_ruin_house_1
Swamp:4:  swamp_old_school, layout_basic_swamp, swamp_pool4
Snake:1:  gammafunk_the_bubble [the_bubble_gammafunk_plus_minus],
          layout_gridlike, gammafunk_ghost_wrathful_warriors,
          grunt_ministairs_9, lemuel_oklob_altar, serial_bayou_shore_a,
          uniq_aizul
Snake:2:  layout_cave_town, grunt_megastairs_2
Snake:3:  layout_gridlike, grunt_megastairs_4, serial_bayou_shore_b,
          serial_bayou_shore_b, lemuel_fruit_tree, uniq_agnes, uniq_kirke,
          uniq_vashnia
Snake:4:  johnstein_snake_rune_scales, layout_misc_corridors, uniq_louise
Slime:1:  layout_caves
Slime:2:  layout_caves
Slime:3:  layout_caves, cheibrodos_slime_lost_civilization_7
Slime:4:  layout_caves, nicolae_slime_welcoming_committee
Slime:5:  uniq_dissolution
Orc:1:    layout_caves, special_room [special_room_orc], basic_altar,
          library_closet
Orc:2:    st_orc_town, layout_caves
Elf:1:    layout_gridlike, minmay_elf_necromancy
Elf:2:    layout_geoelf_grid, feat_on_display
Elf:3:    grunt_elf_hall_diamonds, layout_geoelf_grid, serial_shops, shop,
          serial_sigils_hangedman_leer, minivault_28
Vaults:1: v_pattern_1, vaults_room_grunt_arrival_ludios,
          vaults_standard_mumra_x, ontoclasm_vaults_decontamination,
          vaults_room_stairs_pillars, layout_vaults_omnigrid
Vaults:2: hangedman_vaults_hard_town_square, dpeg_vaults_monster_row,
          nicolae_vaults_stairing_the_circle, hangedman_vaults_impose,
          vaults_room_pools, nicolae_vaults_alarming,
          nicolae_vaults_specimen_jars, ontoclasm_vaults_twist,
          hangedman_vaults_trim, layout_vaults_chaotic_city, serial_glass
Vaults:3: nicolae_vaults_what_the_h, minmay_crypt_entry_vampire_xt,
          hangedman_vaults_nails, grunt_tower_of_power, ontoclasm_vaults_bender,
          nicolae_vaults_theta, nicolae_vaults_diagonal_hallway_9,
          grunt_vaults_funnel, vaults_mumra_hexcomb,
          nicolae_vaults_three_branches, v_misc_22,
          nicolae_vaults_little_squares_4, hangedman_vaults_stretched_pinwheel,
          layout_vaults_omnicross, uniq_xtahua
Vaults:4: v_misc_3, special_room_vaults [special_room_orc],
          ontoclasm_vaults_spin, vaults_mumra_minichess_inversion,
          nicolae_vaults_triangles, hangedman_vaults_variations,
          vaults_mumra_hex, nicolae_vaults_little_ls, v_misc_23,
          vaults_room_hallway, nicolae_vaults_back_hallway,
          layout_vaults_omnibox, uniq_donald, uniq_jory
Vaults:5: serial_shops
Crypt:1:  layout_basic, uniq_khufu
Crypt:2:  layout_gridlike, serial_glass, glass_columns_c, glass_columns_a,
          mu_enter_wizlab_4
Crypt:3:  david_glass_crypt, layout_rooms
Tomb:1
Tomb:2:   uniq_boris
Tomb:3
Depths:1: layout_cave_pools, enter_ziggurat_a, pan_entry, pf_coc_iceberg,
          minmay_misc_feat_iff, minmay_hidden_floor
Depths:2: kennysheep_cluttered_fort, layout_long_grid,
          hangedman_abyss_entry_splay, grunt_mini_vestibule
Depths:3: nooodl_heptagram, layout_cave_pools, abyss_entry, hellmouth_1,
          pan_entry, chequers_serial_rivers_micro_a, minmay_misc_feat_x,
          ebering_dispersal_statue_hall, uniq_margery
Hell
Dis:1:    layout_subdivisions
Dis:2:    layout_jigsaw
Dis:3:    layout_gridville
Dis:4:    layout_regular_city
Dis:5:    layout_regular_city
Dis:6:    layout_chaotic_city
Dis:7:    dis_grunt_layers
Geh:1:    layout_gehenna_lava_caves
Geh:2:    layout_gehenna_lava_caves
Geh:3:    layout_gehenna_pools_basic, lemuel_hellion_isle
Geh:4:    layout_gehenna_lava_caves
Geh:5:    layout_gehenna_lava_caves
Geh:6:    layout_gehenna_lava_caves
Geh:7:    geh_grunt_pentagon

Skill      XL: |  1  2  3  4  5  6  7  8  9 10 11 12 13 14 15 16 17 18 19 20 21 22 23 24 25 26 27 |
---------------+----------------------------------------------------------------------------------+-----
Earth Magic    | 5 6 7 8 9 10 13 14 17 19 22 26 27 | 27.0
Shields        | 1 3 4 8 12 15 18 | 18.9
Evocations     | 4 7 9 16 18 20 27 | 27.0
Spellcasting   | 2 4 9 11 12 14 17 20 22 27 | 27.0
Conjurations   | 2 5 |  5.2
Armour         | 4 8 9 10 11 27 | 27.0
Dodging        | 5 9 11 12 13 27 | 27.0
Stealth        | 5 7 17 | 17.4
Necromancy     | 12 15 16 | 16.7
Translocations | 3 7 |  7.0
Invocations    | 9 |  9.6
Fighting       | 5 12 | 12.8
Transmutations | |  0.8

Action                   |  1- 3 |  4- 6 |  7- 9 | 10-12 | 13-15 | 16-18 | 19-21 | 22-24 | 25-27 || total
-------------------------+-------+-------+-------+-------+-------+-------+-------+-------+-------++-------
Melee: Short sword       |    47 |     8 |    12 |       |       |       |       |       |       ||    67
       Spear             |       |       |    12 |       |       |       |       |       |       ||    12
       Dagger            |       |       |    23 |     7 |       |    56 |     8 |     1 |       ||    95
       Falchion          |       |       |       |    87 |   289 |    55 |    60 |       |       ||   491
       Staff             |       |       |       |       |    79 |       |    15 |    35 |    85 ||   214
       Scimitar          |       |       |       |       |       |     3 |       |       |       ||     3
       Kick              |       |       |       |       |       |       |       |     2 |     2 ||     4
 Cast: Sandblast         |    31 |    64 |    90 |   142 |   186 |   103 |    83 |     8 |    10 ||   717
       Passwall          |     9 |     6 |    10 |    18 |    26 |    11 |     6 |       |     1 ||    87
       Stone Arrow       |       |    11 |    23 |   134 |   145 |    71 |   164 |    60 |    26 ||   634
       Lee's Rapid Decon |       |       |     3 |    37 |   140 |    45 |    98 |    33 |    39 ||   395
       Apportation       |       |       |       |       |     1 |    13 |    50 |    19 |   134 ||   217
       Borgnjor's Vile C |       |       |       |       |       |   137 |   102 |    85 |   199 ||   523
       Sublimation of Bl |       |       |       |       |       |    51 |    44 |    39 |   225 ||   359
       Passage of Golubr |       |       |       |       |       |     1 |    41 |     1 |   103 ||   146
       Dispel Undead     |       |       |       |       |       |       |     7 |     2 |     1 ||    10
       Shatter           |       |       |       |       |       |       |     7 |    69 |   473 ||   549
       Statue Form       |       |       |       |       |       |       |       |     6 |     8 ||    14
       Lehudib's Crystal |       |       |       |       |       |       |       |       |    36 ||    36
Invok: Lesser Servant of |       |       |       |       |     1 |       |       |       |       ||     1
 Abil: Heal Wounds       |     1 |       |       |       |       |       |       |       |       ||     1
       Evoke Invisibilit |       |       |       |     1 |     2 |     1 |       |       |       ||     4
       Evoke Flight      |       |       |       |       |     2 |       |       |     1 |     1 ||     4
       End Transformatio |       |       |       |       |       |       |       |     2 |     6 ||     8
Evoke: Wand              |       |     6 |    14 |    29 |    43 |     4 |     3 |     2 |    14 ||   115
       Lightning rod     |       |       |       |       |    18 |    16 |    16 |     5 |     3 ||    58
       Tin of tremorston |       |       |       |       |     9 |    14 |    22 |    21 |    36 ||   102
       Condenser vane    |       |       |       |       |     3 |    18 |    16 |    12 |    34 ||    83
       Box of beasts     |       |       |       |       |       |     7 |     8 |     7 |    26 ||    48
       Phial of floods   |       |       |       |       |       |     5 |    10 |     5 |    14 ||    34
       Phantom mirror    |       |       |       |       |       |     1 |     4 |     3 |     7 ||    15
  Use: Scroll            |       |     8 |     7 |     8 |    18 |     9 |     6 |    10 |    34 ||   100
       Potion            |       |       |     3 |     4 |     5 |     1 |     1 |     9 |    39 ||    62
 Stab: Sleeping          |     1 |       |     2 |     1 |       |     3 |     2 |     1 |     1 ||    11
       Distracted        |       |       |       |     1 |     1 |       |       |       |     2 ||     4
       Invisible         |       |       |       |     3 |     7 |       |       |       |       ||    10
       Paralysed         |       |       |       |     1 |    24 |       |     6 |       |       ||    31
       Confused          |       |       |       |       |       |     1 |       |       |       ||     1
Armor: Robe              |     3 |       |       |       |       |       |       |       |       ||     3
       Leather armour    |     6 |    13 |    21 |       |       |       |       |       |       ||    40
       Ring mail         |       |       |    30 |    37 |       |       |       |     5 |    43 ||   115
       Swamp dragon scal |       |       |       |    74 |   113 |   112 |     6 |       |       ||   305
       Scale mail        |       |       |       |       |    70 |    29 |   115 |    44 |   248 ||   506
       Skin              |       |       |       |       |       |       |       |   174 |   143 ||   317
Dodge: Dodged            |    40 |    14 |    63 |    83 |   272 |   332 |   337 |   285 |  1025 ||  2451
Block: Buckler           |       |     4 |    27 |    34 |       |       |       |       |       ||    65
       Kite shield       |       |       |       |    52 |   609 |   438 |   394 |   283 |  1015 ||  2791
       Rpst.: Falchion   |       |       |       |    21 |    59 |     4 |    53 |       |       ||   137

Table legend: (Time is in decaauts)
 A = Elapsed time spent in this place.
 B = Non-inter-level travel time spent in this place.
 C = Inter-level travel time spent in this place.
 D = Time resting spent in this place.
 E = Time spent auto-exploring this place.
 F = Levels seen in this place.
 G = Mean time per level.
                   A        B        C        D        E       F      G
               +--------+--------+--------+--------+--------+-----+--------+
         Total |  24770 |  24580 |    190 |     16 |      2 | 126 |  196.6 |
       Dungeon |   5502 |   5470 |     32 |      0 |      2 |  15 |  366.8 |
        Temple |     75 |     75 |      0 |      0 |      0 |   1 |   75.0 |
          Lair |   3205 |   3143 |     62 |      0 |      0 |   6 |  534.2 |
         Swamp |    551 |    551 |      0 |      0 |      0 |   4 |  137.8 |
     Snake Pit |   1143 |   1137 |      6 |      0 |      0 |   4 |  285.8 |
    Slime Pits |   1210 |   1210 |      0 |      0 |      0 |   5 |  242.0 |
  Orcish Mines |   1219 |   1200 |     19 |      0 |      0 |   2 |  609.5 |
   Elven Halls |   2418 |   2347 |     71 |      0 |      0 |   3 |  806.0 |
        Vaults |   1394 |   1394 |      0 |      0 |      0 |   5 |  278.8 |
         Crypt |    629 |    629 |      0 |      0 |      0 |   3 |  209.7 |
          Tomb |    891 |    891 |      0 |      0 |      0 |   3 |  297.0 |
        Depths |    285 |    285 |      0 |      0 |      0 |   3 |   95.0 |
          Hell |    109 |    109 |      0 |      0 |      0 |   1 |  109.0 |
           Dis |    544 |    544 |      0 |      0 |      0 |   7 |   77.7 |
       Gehenna |    321 |    321 |      0 |      0 |      0 |   7 |   45.9 |
         Abyss |    546 |    546 |      0 |      0 |      0 |   4 |  136.5 |
   Pandemonium |   2101 |   2101 |      0 |      0 |      0 |  21 |  100.0 |
      Ziggurat |   1386 |   1386 |      0 |     16 |      0 |  27 |   51.3 |
         Sewer |    299 |    299 |      0 |      0 |      0 |   1 |  299.0 |
        Bailey |      7 |      7 |      0 |      0 |      0 |   1 |    7.0 |
      Ice Cave |    359 |    359 |      0 |      0 |      0 |   1 |  359.0 |
        Wizlab |    251 |    251 |      0 |      0 |      0 |   1 |  251.0 |
      Gauntlet |    314 |    314 |      0 |      0 |      0 |   1 |  314.0 |
               +--------+--------+--------+--------+--------+-----+--------+

Top non-repeatable levels by time:
   Elf:2: 912 daAuts
   Orc:2: 841 daAuts
   Elf:3: 779 daAuts
  Lair:6: 770 daAuts
   Elf:1: 726 daAuts
Vaults:5: 665 daAuts
    D:11: 636 daAuts
  Lair:3: 606 daAuts
 Snake:1: 578 daAuts
     D:1: 572 daAuts
  Lair:4: 493 daAuts
     D:2: 493 daAuts
    D:12: 491 daAuts
    D:10: 478 daAuts
  Lair:2: 472 daAuts

Table legend:
 A = Kills in this place as a percentage of kills in entire the game.
 B = Kills by you in this place as a percentage of kills by you in the entire game.
 C = Kills by friends in this place as a percentage of kills by friends in the entire game.
 D = Other kills in this place as a percentage of other kills in the entire game.
 E = Experience gained in this place as a percentage of experience gained in the entire game.
 F = Experience gained in this place divided by the number of levels of this place that you have seen.
                   A       B       C       D       E      F
               +-------+-------+-------+-------+-------+----------------------
         Total | 100.0 | 100.0 | 100.0 | 100.0 | 100.0 | 25606.6
       Dungeon |  10.1 |  10.4 |   0.0 |   5.3 |   2.2 | 4646.5
          Lair |   4.1 |   4.2 |   1.7 |   0.0 |   1.2 | 6714.2
         Swamp |   2.1 |   1.8 |  12.2 |   0.0 |   1.3 | 10615.0
     Snake Pit |   4.7 |   4.4 |  13.9 |  10.5 |   3.2 | 25617.5
    Slime Pits |   3.7 |   3.5 |  11.3 |   0.0 |   3.5 | 22736.0
  Orcish Mines |   4.2 |   4.3 |   0.9 |   0.0 |   0.7 | 11664.0
   Elven Halls |   4.2 |   4.1 |   5.2 |  21.1 |   4.1 | 43568.0
        Vaults |   7.7 |   7.7 |   6.1 |   0.0 |   8.5 | 54852.6
         Crypt |   3.0 |   3.1 |   0.0 |   0.0 |   4.0 | 42778.3
          Tomb |   6.5 |   6.4 |  13.0 |   0.0 |   8.8 | 94816.7
        Depths |   2.9 |   3.0 |   0.0 |   5.3 |   3.3 | 35249.7
          Hell |   1.3 |   1.3 |   0.0 |   0.0 |   1.2 | 39323.0
           Dis |   5.6 |   5.8 |   0.0 |   0.0 |   7.2 | 33242.4
       Gehenna |   3.8 |   3.9 |   0.0 |   5.3 |   2.2 | 10078.4
         Abyss |   1.1 |   1.1 |   0.0 |   0.0 |   1.2 | 9346.0
   Pandemonium |  10.2 |   9.7 |  24.3 |  26.3 |  13.8 | 21214.1
      Ziggurat |  22.1 |  22.5 |   9.6 |  21.1 |  33.0 | 39376.3
         Sewer |   1.2 |   1.2 |   0.0 |   0.0 |   0.0 | 363.0
        Bailey |   0.0 |   0.1 |   0.0 |   0.0 |   0.0 |   6.0
      Ice Cave |   0.7 |   0.7 |   0.0 |   0.0 |   0.1 | 4166.0
        Wizlab |   0.6 |   0.6 |   1.7 |   5.3 |   0.4 | 13525.0
      Gauntlet |   0.3 |   0.3 |   0.0 |   0.0 |   0.1 | 4335.0
               +-------+-------+-------+-------+-------+----------------------
